 Dungeon Crawl Stone Soup version 0.24.0-2-g5b39cebb1c (webtiles) character file.

Game seed: 11227727648415729861, levelgen mode: deterministic

18268264 inmateoo the Champion of Chaos (level 27, 188/188 HPs)
             Began as an Octopode Earth Elementalist on Oct 28, 2019.
             Was the Champion of Makhleb.
             Escaped with the Orb
             ... and 15 runes on Oct 29, 2019!
             The game lasted 04:22:55 (84727 turns).

inmateoo the Champion of Chaos (OpEE)              Turns: 84727, Time: 04:22:55

Health: 188/188    AC: 11    Str: 11 (12) XL:     27
Magic:  43/50      EV: 22    Int: 45 (46) God:    Makhleb [******]
Gold:   8170       SH:  8    Dex: 11      Spells: 6/74 levels left

rFire    + + +     SeeInvis +     - Unarmed
rCold    + + +     Gourm    .   k - +3 buckler {reflect}
rNeg     + + .     Faith    .   P - +3 hat of Pondering {ponderous, MR+ MP+10 Int+5}
rPois    .         Spirit   .   m - amulet of Soseg {rF+ Regen+}
rElec    +         Reflect  +   v - ring "Pucy" {rC+ MR+ Stlth+}
rCorr    +         Harm     .   U - ring "Gammamu" {+Fly rF+ Int+5 Slay+2}
MR       ++++.     Rnd*Rage +   n - ring "Vuopt" {rC+ rN+ AC+4 Dex+2 SInv} Stlth +++.......Rnd*Tele +
                                j - ring of protection from cold
HPRegen  0.81/turn              d - ring "Damnable Contraption" {rElec rF+ Int+5 Stlth+}
MPRegen  0.32/turn              X - ring "Nijauclo" {+Fly rF+ rC+}
                                h - ring "Vaqant" {rElec rN+ rCorr Int+3 Dex-3}
                                w - ring of Butchery {+Blink Str+4 Slay+5}

@: studying Evocations, deflect missiles, slow
A: almost no armour, stealthy swim, amphibious, 8 rings, constrict 8, thin
metallic scales 1, camouflage 2, berserk 1, blurry vision 2, clumsy 1,
deterioration 2, frail 1, low mp 2, sense surroundings 1, screaming 1, shaggy
fur 1, inhibited regeneration, teleportitis 1, gelatinous body 1
0: Orb of Zot
}: 15/15 runes: barnacled, slimy, silver, golden, iron, obsidian, icy, bone,
abyssal, demonic, glowing, magical, fiery, dark, gossamer
a: Minor Destruction, Lesser Servant of Makhleb, Major Destruction, Greater
Servant of Makhleb, Renounce Religion, Evoke Blink, Evoke Flight


You escaped.
You worshipped Makhleb.
Makhleb was exalted by your worship.
You were full.

You visited 18 branches of the dungeon, and saw 88 of its levels.
You visited Pandemonium 1 time, and saw 13 of its levels.
You visited the Abyss 3 times.
You also visited: Sewer, Gauntlet and Ice Cave.

You collected 30681 gold pieces.
You spent 10410 gold pieces at shops.
You paid 12101 gold pieces to Gozag.

Inventory:

Armour
 k - a +3 buckler of reflection (worn)
 P - the +3 hat of Pondering (worn) {ponderous, MR+ MP+10 Int+5}
   (You took it off Gastronok on level 10 of the Dungeon)

   It affects your intelligence (+5).
   It affects your resistance to hostile enchantments.
   It affects your magic capacity (+10).
Magical Staves
 R - an uncursed staff of wizardry
 Z - an uncursed staff of fire
Jewellery
 d - the ring "Damnable Contraption" (on tentacle) {rElec rF+ Int+5 Stlth+}
   (You found it on level 14 of the Dungeon)

   [ring of intelligence]

   It affects your intelligence (+5).
   It protects you from fire.
   It insulates you from electricity.
   It makes you more stealthy.
 h - the ring "Vaqant" (on tentacle) {rElec rN+ rCorr Int+3 Dex-3}
   (You acquired it on level 3 of the Elven Halls)

   [ring of resist corrosion]

   It affects your intelligence (+3).
   It affects your dexterity (-3).
   It insulates you from electricity.
   It protects you from negative energy.
   It provides partial protection from all sources of acid and corrosion.
 i - an uncursed ring of fire
 j - a ring of protection from cold (on tentacle)
 m - the amulet of Soseg (around mantle) {rF+ Regen+}
   (You acquired it on level 10 of the Dungeon)

   [amulet of regeneration]

   It protects you from fire.
   It increases your rate of regeneration.
 n - the ring "Vuopt" (on tentacle) {rC+ rN+ AC+4 Dex+2 SInv}
   (You found it on level 7 of Tartarus)

   [ring of protection]

   It affects your AC (+4).
   It affects your dexterity (+2).
   It protects you from cold.
   It protects you from negative energy.
   It lets you see invisible.
 v - the ring "Pucy" (left tentacle) {rC+ MR+ Stlth+}
   (You acquired it on level 1 of the Depths)

   [ring of stealth]

   It protects you from cold.
   It affects your resistance to hostile enchantments.
   It makes you more stealthy.
 w - the ring of Butchery (on tentacle) {+Blink Str+4 Slay+5}
   (You found it in a Gauntlet)

   [ring of strength]

   It affects your strength (+4).
   It affects your accuracy and damage with ranged weapons and melee attacks
   (+5).
   It lets you blink.
 U - the ring "Gammamu" (right tentacle) {+Fly rF+ Int+5 Slay+2}
   (You found it on level 3 of the Crypt)

   [ring of flight]

   It affects your intelligence (+5).
   It affects your accuracy and damage with ranged weapons and melee attacks
   (+2).
   It protects you from fire.
   It lets you fly.
 W - a +6 ring of intelligence
 X - the ring "Nijauclo" (on tentacle) {+Fly rF+ rC+}
   (You found it on level 3 of the Shoals)

   [ring of protection from fire]

   It protects you from fire.
   It protects you from cold.
   It lets you fly.
Wands
 q - a wand of disintegration (71)
 H - a wand of iceblast (61)
 K - a wand of acid (17)
 V - a wand of digging (14)
Scrolls
 e - 30 scrolls of teleportation
 A - 3 scrolls of summoning
 B - 34 scrolls of remove curse
 D - 16 scrolls of fog
 F - 2 scrolls of silence
 I - 7 scrolls of immolation
 L - 9 scrolls of fear
 M - 12 scrolls of blinking
 T - 19 scrolls of identify
Potions
 b - 2 potions of resistance
 g - 6 potions of might
 o - 5 potions of cancellation
 p - 9 potions of ambrosia
 r - 16 potions of brilliance
 t - 13 potions of agility
 C - a potion of berserk rage
 E - 11 potions of magic
 J - 29 potions of curing
 O - 5 potions of invisibility
 Q - 16 potions of heal wounds
 S - a potion of haste
Books
 Y - a manual of Evocations
Miscellaneous
 a - the horn of Geryon
 f - a figurine of a ziggurat
 s - a phantom mirror
 x - 8 boxes of beasts
 y - a lamp of fire
 z - a crystal ball of energy
 G - 5 sacks of spiders
 N - a phial of floods
Comestibles
 c - 29 rations


   Skills:
 - Level 22.9 Fighting
 - Level 16.6 Dodging
 - Level 6.1 Stealth
 - Level 7.0 Shields
 - Level 20.0 Unarmed Combat
 - Level 24.0 Spellcasting
 - Level 22.0 Conjurations
 - Level 8.0 Charms
 - Level 15.0 Necromancy
 - Level 15.0 Transmutations
 - Level 24.0 Fire Magic
 - Level 21.0 Earth Magic
 + Level 25.4 Invocations
 - Level 24.0 Evocations


You had 6 spell levels left.
You knew the following spells:

 Your Spells              Type           Power        Failure   Level  Hunger
a - Statue Form           Tmut/Erth      ########.    1%          6    None
b - Regeneration          Chrm/Necr      ########..   0%          3    None
c - Borgnjor's Vile Clut  Necr/Erth      ########..   0%          5    None
d - Fire Storm            Conj/Fire      ########..   2%          9    None
e - Ring of Flames        Chrm/Fire      ########..   1%          7    None
f - Passage of Golubria   Tloc           N/A          3%          4    None
g - Apportation           Tloc           ######       1%          1    None
h - Passwall              Tmut/Erth      ########     0%          2    None
i - Deflect Missiles      Chrm/Air       ######....   9%          6    None
j - Necromutation         Tmut/Necr      ########..   4%          8    None
k - Ignition              Fire           ########..   1%          8    None
l - Shatter               Erth           ########..   5%          9    None

Your spell library contained the following spells:

 Spells                   Type           Power        Failure   Level  Hunger
 Animate Skeleton         Necr           N/A          0%          1    None
 Beastly Appendage        Tmut           ######       0%          1    None
 Flame Tongue             Conj/Fire      #####        0%          1    None
 Magic Dart               Conj           ####         0%          1    None
 Pain                     Necr           ####         0%          1    None
 Sandblast                Erth           ######       0%          1    None
 Shock                    Conj/Air       ####         0%          1    None
 Sting                    Conj/Pois      ####         0%          1    None
 Corpse Rot               Necr           N/A          0%          2    None
 Searing Ray              Conj           ######       0%          2    None
 Sticks to Snakes         Tmut           ########     0%          2    None
 Sublimation of Blood     Necr           ########..   0%          2    None
 Throw Flame              Conj/Fire      ######       0%          2    None
 Throw Frost              Conj/Ice       ######       0%          2    None
 Conjure Flame            Conj/Fire      ########     0%          3    None
 Dazzling Spray           Conj/Hex       ######       0%          3    None
 Ignite Poison            Fire/Tmut/Pois ########     0%          3    None
 Inner Flame              Hex/Fire       ########     0%          3    None
 Static Discharge         Conj/Air       ########     0%          3    None
 Stone Arrow              Conj/Erth      ######       0%          3    None
 Vampiric Draining        Necr           ########..   0%          3    None
 Animate Dead             Necr           N/A          0%          4    None
 Petrify                  Tmut/Erth      ########     0%          4    None
 Sticky Flame             Conj/Fire      ########     0%          4    None
 Bolt of Draining         Conj/Necr      ########..   0%          5    None
 Bolt of Magma            Conj/Fire/Erth ########..   0%          5    None
 Fireball                 Conj/Fire      ########..   0%          5    None
 Irradiate                Conj/Tmut      ########..   0%          5    None
 Lee's Rapid Deconstruct  Erth           ########..   0%          5    None
 Bolt of Fire             Conj/Fire      ########..   0%          6    None
 Iron Shot                Conj/Erth      ########..   0%          6    None
 Confusing Touch          Hex            ######       1%          1    None
 Corona                   Hex            ######.      1%          1    None
 Freeze                   Ice            ####         1%          1    None
 Summon Small Mammal      Summ           ####         1%          1    None
 Blink                    Tloc           N/A          1%          2    None
 Call Imp                 Summ           ######..     1%          2    None
 Ensorcelled Hibernation  Hex/Ice        ######       1%          2    None
 Poisonous Vapours        Pois/Air       ######       1%          2    None
 Shroud of Golubria       Chrm/Tloc      ######       1%          2    None
 Slow                     Hex            ######..     1%          2    None
 Swiftness                Chrm/Air       ######..     1%          2    None
 Call Canine Familiar     Summ           ######..     1%          3    None
 Confuse                  Hex            ######..     1%          3    None
 Gell's Gravitas          Tloc           ######....   1%          3    None
 Lesser Beckoning         Tloc           ######....   1%          3    None
 Mephitic Cloud           Conj/Pois/Air  #######.     1%          3    None
 Ozocubu's Armour         Chrm/Ice       ######..     1%          3    None
 Portal Projectile        Hex/Tloc       ######       1%          3    None
 Recall                   Summ/Tloc      N/A          1%          3    None
 Spider Form              Tmut/Pois      #######...   1%          3    None
 Summon Guardian Golem    Hex/Summ       ######..     1%          3    None
 Teleport Other           Tloc           ######..     1%          3    None
 Tukima's Dance           Hex            ######..     1%          3    None
 Force Lance              Conj/Tloc      ########     1%          4    None
 Ice Form                 Ice/Tmut       #######.     1%          4    None
 Leda's Liquefaction      Hex/Erth       #######...   1%          4    None
 Throw Icicle             Conj/Ice       ########     1%          4    None
 Agony                    Necr           ########     1%          5    None
 Blade Hands              Tmut           ########..   1%          5    None
 Dispel Undead            Necr           ########     1%          5    None
 Excruciating Wounds      Chrm/Necr      ########..   1%          5    None
 Iskenderun's Battlesphe  Conj/Chrm      ########     1%          5    None
 Lightning Bolt           Conj/Air       ########..   1%          5    None
 Venom Bolt               Conj/Pois      ########..   1%          5    None
 Yara's Violent Unravell  Hex/Tmut       #######...   1%          5    None
 Bolt of Cold             Conj/Ice       ########..   1%          6    None
 Death Channel            Necr           ########..   1%          6    None
 Hydra Form               Tmut           ########..   1%          6    None
 Poison Arrow             Conj/Pois      ########..   1%          6    None
 Simulacrum               Ice/Necr       #######...   1%          6    None
 Freezing Cloud           Conj/Ice/Air   #######...   2%          6    None
 Airstrike                Air            ######....   3%          4    None
 Cause Fear               Hex            ######....   3%          4    None
 Olgreb's Toxic Radiance  Pois           ######..     3%          4    None
 Summon Ice Beast         Ice/Summ       ######..     3%          4    None
 Summon Lightning Spire   Summ/Air       ######..     3%          4    None
 Aura of Abjuration       Summ           ######....   9%          5    None
 Metabolic Englaciation   Hex/Ice        ######....   9%          5    None
 Silence                  Hex/Air        ######....   9%          5    None
 Summon Demon             Summ           ######....   9%          5    None
 Summon Forest            Summ/Tloc      ######....   9%          5    None
 Summon Mana Viper        Hex/Summ       ######..     9%          5    None
 Darkness                 Hex            ######....   41%         6    None
 Dispersal                Tloc           ######....   41%         6    None
 Invisibility             Hex            ######..     41%         6    None
 Ozocubu's Refrigeration  Ice            ######....   41%         6    None
 Shadow Creatures         Summ           N/A          41%         6    None
 Dragon Form              Tmut           ########..   1%          7    None
 Orb of Destruction       Conj           ########..   1%          7    None
 Lehudib's Crystal Spear  Conj/Erth      ########..   1%          8    None
 Spellforged Servitor     Conj/Summ      ########..   2%          7    None
 Borgnjor's Revivificati  Necr           ########..   4%          8    None
 Infestation              Necr           ########..   4%          8    None
 Haunt                    Necr/Summ      #######...   12%         7    None
 Death's Door             Chrm/Necr      ########..   17%         8    None
 Chain Lightning          Conj/Air       ########..   22%         8    None
 Summon Hydra             Summ           ######....   94%         7    None
 Glaciate                 Conj/Ice       ########..   97%         9    None
 Controlled Blink         Tloc           N/A          100%        8    None
 Discord                  Hex            ######....   100%        8    None
 Disjunction              Tloc           ######....   100%        8    None
 Tornado                  Air            ######....   100%        9    None


Dungeon Overview and Level Annotations

Branches:
Dungeon (15/15)            Temple (1/1) D:7            Lair (6/6) D:8
 Shoals (4/4) Lair:3       Spider (4/4) Lair:4        Slime (5/5) Lair:5
    Orc (2/2) D:12            Elf (3/3) Orc:2        Vaults (5/5) D:14
  Crypt (3/3) Vaults:3       Tomb (3/3) Crypt:3      Depths (5/5) D:15
   Hell (visited)             Dis (7/7) Hell            Geh (7/7) Hell
    Coc (7/7) Hell            Tar (7/7) Hell            Zot (5/5) Depths:5
  Sewer (visited)           IceCv (visited)         Gauntlet (visited)

Altars:
Ashenzari
Dithmenos
Elyvilon
Gozag
Hepliaklqana
Kikubaaqudgha
Makhleb
Nemelex Xobeh
Okawaru
Qazlal
Ru
Trog
Xom
Zin
Beogh
Jiyva

Shops:
D:5 :   D:7 [   D:11 [*:   D:15 =!*   Orc:2 !?}   Elf:2 =   Lair:1 [[=*
Depths:1 **

Portals:
Hell: Depths:1 Depths:2 Depths:3 Depths:4 Depths:5
Abyss: Depths:3 Depths:4
Pandemonium: Depths:3
Ziggurat: Depths:1

Annotations:
D:13 1 runed translucent door
Elf:2 4 runed translucent doors


Innate Abilities, Weirdness & Mutations

You cannot wear most types of armour.
You are very stealthy in the water. (Stealth+)
You are amphibious.
You can wear up to eight rings at the same time.
You can use your tentacles to constrict eight enemies at once.
Your skin blends seamlessly with your surroundings (Stealth++).
Your rubbery body absorbs attacks. (AC +1, EV +1)
You are partially covered in thin metallic scales. (AC +2)
You tend to lose your temper in combat.
Scrolls take you longer to read.
You are clumsy. (Dex -2)
Your body often deteriorates upon taking damage.
You are frail. (-10% HP)
Your magical capacity is very low. (-20% MP)
You passively map a small area around you.
You occasionally shout uncontrollably at your foes.
You are covered in fur. (AC +1)
You do not regenerate when monsters are visible.
You are occasionally teleported next to monsters.


Message History

Casting: Fire Storm (slightly dangerous; 2% risk of failure)
Confirm with . or Enter, or press ? or * to list all spells.
Aiming: Passwall (safe; 0% risk of failure)
Press: ? - help, Dir - move target cursor A rock wall.
This square is covered in magical glow.
You begin to meditate on the wall.
You continue meditating on the rock. x2
You finish merging with the rock.
Unknown command.
Casting: Passwall (safe; 0% risk of failure)
Confirm with . or Enter, or press ? or * to list all spells.
Aiming: Passwall (safe; 0% risk of failure)
Press: ? - help, Dir - move target cursor A rock wall.
This square is covered in magical glow.
You begin to meditate on the wall.
You continue meditating on the rock. x2
You finish merging with the rock.
Unknown command.
There is a staircase leading out of the dungeon here.
You have escaped!

####......# ###...(...### #.#
..##......###..#######..## #.#
..##......##.####....###.## #.#
..##......#.###..####..##.## #.#
..##.'#####.##.###..###.##.# #.#
..##.#.# #.##.## ###.###.#.## #.#
.###.#.# #.##.## ##.##.##.# #.#
..##.#.###.###.### ###.#.##.# #.#
..##.##.###.###.@###.#.##.#.# #.#
..##.###.###..####..##.##.#.# #.#
...#.# ##..###....###.###.#.###.#
.#.#.######..######..###.##.#...#
##.#......###......####.####'.###
##.#........########...## ##....
##.#......##........#### #####
##........########### ###..######


There were no monsters in sight!

Vanquished Creatures
  Cerebov (Pan)
  Antaeus (Coc:7)
  Asmodeus (Geh:7)
  the Royal Jelly (Slime:5)
  Ereshkigal (Tar:7)
  Gloorx Vloq (Pan)
  Lom Lobon (Pan)
  A seraph (Pan)
  Dispater (Dis:7)
  Mnoleg (Pan)
  9 ancient liches
  Mara (Crypt:2)
  10 orbs of fire
  Mennas (Depths:3)
  10 pandemonium lords
  Sojobo (Depths:1)
  The ghost of MackTheFife the Hill Orc Mishap, a veteran HOGl of Qazlal (Vaults:4)
  31 greater mummies
  Boris (thrice) (Vaults:5 Tomb:3 Depths:3)
  Bai Suzhen (Depths:1)
  7 shard shrikes
  5 caustic shrikes (Depths:3)
  3 curse toes
  Geryon (Hell)
  4 Killer Klowns
  12 golden dragons
  Nikola (Vaults:1)
  Arachne (Spider:2)
  Jory (Vaults:2)
  2 pearl dragons (Pan)
  3 doom hounds
  9 bone dragons
  the Enchantress (Depths:1)
  17 Brimstone Fiends
  25 Tzitzimimeh
  3 electric golems
  7 iron giants
  17 liches
  20 Ice Fiends
  18 tentacled monstrosities
  29 Orb Guardians
  5 titans
  4 deep elf blademasters
  14 Hell Sentinels
  2 krakens
  4 deep elf master archers
  Polyphemus (Shoals:3)
  5 quicksilver dragons
  Gastronok (D:10)
  21 Executioners
  3 tentacled starspawn (Abyss:5)
  2 eldritch tentacles
  A sphinx (shapeshifter) (Vaults:5)
  37 acid blobs
  17 ancient champions
  4 death cobs
  13 sphinxes
  Agnes (Spider:2)
  13 storm dragons
  7 warmongers (Pan)
  17 shadow dragons
  Donald (Crypt:2)
  14 tengu reavers
  Ilsuiw (Shoals:3)
  3 draconian monks
  12 frost giants
  7 draconian knights
  10 azure jellies
  5 revenants
  10 ghost moths
  17 daevas (Pan)
  Aizul (Spider:4)
  8 iron dragons
  13 fire giants
  27 balrugs
  10 deep elf sorcerers
  23 vault wardens
  7 deep elf elementalists
  4 emperor scorpions (Spider:4)
  3 corrupters (Pan)
  6 ghouls
  16 cacodemons
  5 spriggan defenders
  3 draconian scorchers
  7 draconian annihilators
  9 orc warlords
  4 curse skulls
  23 angels (Pan)
  A juggernaut zombie (Depths:2)
  16 ironheart preservers
  17 war gargoyles
  5 draconian shifters
  2 elemental wellsprings
  2 draconian stormcallers
  33 very ugly things
  22 stone giants
  8 blood saints (Pan)
  57 reapers
  29 apis (Pan)
  4 vampire knights
  20 ophanim (Pan)
  16 bennus
  3 entropy weavers
  8 green draconians
  13 deep elf annihilators
  14 lorocyprocas (Pan)
  11 deep elf demonologists
  6 purple draconians
  8 black suns (Pan)
  10 black draconians
  2 minotaurs
  5 white draconians
  8 red draconians
  5 spark wasps
  22 yellow draconians
  19 blizzard demons
  10 deep elf death magi
  The ghost of Serogusm the Archer, a journeyman CeAM of Okawaru (Lair:5)
  6 merfolk javelineers
  3 crystal guardians
  4 eidola
  A spectral kraken (Tar:7)
  Josephine (Lair:5)
  7 green deaths
  17 ettins
  11 deep elf high priests
  10 death oozes
  8 great orbs of eyes
  37 vault guards
  9 fire dragons
  18 mummy priests
  6 quicksilver dragon zombies
  16 yaktaur captains
  5 merfolk impalers
  6 jiangshi
  6 kraken zombies
  The ghost of Nefuv the Blocker, a journeyman MiBe of Trog (Lair:3)
  A hydra (shapeshifter) (Vaults:5)
  10 hydras
  6 rakshasas
  5 spriggan air magi
  3 catoblepae
  2 hell beasts
  6 monstrous demonspawn (Pan)
  3 quicksilver dragon skeletons
  27 ice dragons
  3 merfolk avatars
  An anaconda (Depths:1)
  4 merfolk aquamancers
  54 two-headed ogres
  15 centaur warriors
  10 tengu warriors
  5 satyrs
  4 death knights
  75 death scarabs
  11 death yaks
  17 hell hogs
  16 ogre magi
  An orc high priest (Orc:2)
  9 deep troll earth magi
  4 titan zombies
  5 thrashing horrors (Abyss:5)
  9 deep troll shamans
  12 vampire magi
  33 sun demons
  36 soul eaters
  A spriggan berserker (Depths:5)
  3 titan skeletons
  2 iron golems
  2 storm dragon zombies (Dis:7)
  A fire crab (shapeshifter) (Vaults:3)
  129 skeletal warriors
  6 iron trolls
  18 deep elf knights
  6 shadow wraiths
  5 storm dragon skeletons
  2 wretched stars (Abyss:5)
  A golden dragon zombie (Tar:2)
  41 hell knights
  10 anaconda zombies
  A quicksilver dragon simulacrum (Coc:7)
  7 flayed ghosts
  16 sixfirhies
  4 unseen horrors
  6 glowing orange brains
  14 sea snakes
  17 cherubim
  6 gelid demonspawn
  9 infernal demonspawn (Pan)
  30 deep trolls
  23 deep elf archers
  16 shadow demons
  2 lindwurms (Lair:6)
  17 ironbrand convokers
  5 orange crystal statues
  7 shadow dragon zombies
  16 harpies
  An obsidian statue (Zot:5)
  2 spectral wolf spiders (Spider:4)
  5 wizards
  12 orc knights
  7 torturous demonspawn (Pan)
  9 wolf spider zombies
  13 phantasmal warriors
  4 stone giant zombies
  A lindwurm (shapeshifter) (Depths:4)
  6 iron dragon zombies
  4 anaconda skeletons
  3 golden dragon skeletons
  A harpy (shapeshifter) (Depths:1)
  13 necromancers
  10 orc sorcerers
  78 deep elf magi
  7 cyclopes
  44 large abominations
  16 orb spiders
  5 frost giant zombies
  13 fauns
  7 fire giant zombies
  9 shining eyes
  25 wolf spiders
  45 ugly things
  An oklob plant (Zot:1)
  3 salamanders
  5 shadow dragon skeletons
  A centaur zombie (D:14)
  2 sphinx skeletons
  3 iron dragon skeletons
  5 fire giant skeletons
  23 moths of wrath
  6 stone giant skeletons
  14 manticores
  3 black mambas
  25 elephants
  A guardian serpent (shapeshifter) (Vaults:3)
  30 rust devils
  3 ice statues
  A naga mage (Depths:1)
  5 water nymphs
  An eye of devastation (Slime:2)
  45 smoke demons
  2 dire elephant zombies
  Psyche (D:12)
  A shock serpent skeleton (Geh:6)
  A shock serpent zombie (Geh:7)
  4 dire elephant skeletons
  8 molten gargoyles
  19 hellions
  15 vault sentinels
  22 orange demons
  6 gargoyles
  4 rime drakes
  A rime drake (shapeshifter) (Vaults:1)
  A yellow draconian zombie (Dis:4)
  6 frost giant skeletons
  64 yaktaurs
  31 freezing wraiths
  5 torpor snails
  8 spectral swamp worms (Tar:7)
  9 spiny frogs
  3 emperor scorpion zombies
  36 tormentors
  7 efreet
  7 komodo dragons
  3 redback zombies (Spider:4)
  25 ice devils
  4 spectral redbacks (Spider:4)
  40 guardian mummies
  A kobold demonologist (D:15)
  A black draconian skeleton (Crypt:2)
  An elf skeleton (Depths:2)
  17 hellwings
  28 demonic crawlers
  3 tengu conjurers
  37 red devils
  19 hydra zombies
  A queen bee (shapeshifter) (Vaults:1)
  2 harpy zombies
  27 jumping spiders
  4 spectral tarantellas (Spider:4)
  7 trolls
  A meliai (shapeshifter) (Vaults:2)
  34 merfolk
  A silent spectre (Tar:2)
  3 wind drakes
  24 polar bears
  4 spectral jumping spiders (Spider:4)
  10 hornets
  A hippogriff (shapeshifter) (Depths:2)
  12 dream sheep
  6 hydra skeletons
  13 hippogriffs
  A death drake skeleton (Crypt:2)
  11 blink frogs
  6 ice dragon zombies
  A harpy skeleton (Pan)
  2 bog bodies
  2 tarantella zombies (Spider:4)
  6 snapping turtles
  169 slime creatures
  4 jumping spider zombies (Spider:4)
  8 raiju
  A snapping turtle (shapeshifter) (Vaults:2)
  A centaur simulacrum (D:15)
  9 alligator zombies
  A fire giant simulacrum (Vaults:2)
  2 fire dragon zombies
  58 redbacks
  14 shadows
  38 wraiths
  33 water elementals
  26 ynoxinuls (Pan)
  3 air elementals
  2 alligator skeletons
  79 flying skulls
  3 spriggans
  A black mamba zombie (Geh:6)
  6 fire dragon skeletons
  4 spriggans (shapeshifter)
  18 tarantellas
  4 ettin skeletons
  37 yaks
  6 fire bats
  6 ice dragon skeletons
  12 vampires
  7 ushabtiu
  8 basilisks
  15 fire elementals
  A hog (shapeshifter) (Vaults:4)
  A human (shapeshifter) (Vaults:2)
  2 black mamba skeletons
  11 golden eyes
  23 neqoxecs
  9 hungry ghosts
  A steam dragon (D:6)
  3 wind drake skeletons
  34 chaos spawn
  14 wargs
  A naga (Depths:1)
  A soldier ant (shapeshifter) (D:14)
  12 water moccasins
  A two-headed ogre zombie (D:12)
  8 porcupines
  6 acid dragons
  2 floating eyes
  A spectral hornet (Spider:4)
  A deep troll skeleton (Crypt:1)
  40 hell hounds
  7 spiny frog zombies
  2 spiny frog skeletons
  3 snapping turtle zombies
  14 eyes of draining
  8 phantoms
  13 black bears
  8 ice beasts
  A manticore zombie (Crypt:1)
  2 sky beasts
  A hornet zombie (Spider:4)
  28 ogres
  18 necrophages
  A tengu (shapeshifter) (Vaults:2)
  2 alligator simulacra (Hell)
  2 eyes of draining (shapeshifter)
  40 orc warriors
  13 boggarts
  3 small abominations
  A swamp dragon zombie (Tar:7)
  34 wolves
  20 crocodiles
  A snapping turtle skeleton (Geh:1)
  40 centaurs
  A swamp dragon skeleton (Coc:1)
  A big kobold (D:15)
  A salamander zombie (Crypt:1)
  A gnoll sergeant (D:12)
  22 bullfrogs
  3 earth elementals
  Dowan (D:6)
  8 scorpions
  A raiju zombie (Crypt:1)
  2 troll zombies (D:12)
  13 killer bees
  2 manticore simulacra
  6 howler monkeys
  60 wights
  An electric eel (D:12)
  A troll skeleton (Tar:2)
  14 crimson imps
  A jelly (shapeshifter) (Vaults:3)
  19 jellies (Zot:1)
  A quasit (D:8)
  A hound (D:8)
  27 orc priests
  Crazy Yiuf (D:7)
  39 orc wizards
  16 iron imps
  5 centaur skeletons
  5 iguanas
  11 hell rats (Hell)
  20 merfolk sirens
  11 worker ants
  A dwarf zombie (Crypt:1)
  7 ogre zombies
  2 ogre skeletons
  A hound zombie (D:11)
  A hound skeleton (D:9)
  42 mummies
  A howler monkey zombie (Crypt:2)
  A worker ant zombie (D:11)
  Robin (D:2)
  4 gnolls
  27 adders
  4 river rats
  11 shadow imps
  28 white imps
  An ooze (D:2)
  A lava snake zombie (Crypt:2)
  An adder skeleton (D:4)
  2 worms
  A ball lightning (Pan)
  2 dart slugs
  7 leopard geckos
  98 orcs
  4 ball pythons
  8 giant cockroaches
  21 goblins
  14 hobgoblins
  11 jackals
  7 quokkas
  7 bats
  9 frilled lizards
  3 goblin skeletons (D:12)
  5 goblin zombies (D:12)
  A hobgoblin skeleton (D:12)
  A hobgoblin zombie (D:12)
  12 kobolds
  A kobold skeleton (Geh:6)
  4 orc skeletons
  13 orc zombies
  29 rats
  7 plants
  5 starspawn tentacles (Abyss:5)
  14 tentacles
  A withered plant (Crypt:3)
4905 creatures vanquished.

Vanquished Creatures (collateral kills)
  2 acid blobs (Slime:5)
  2 daevas (Pan)
  An orc warlord (Elf:1)
  2 very ugly things (Pan)
  A soul eater (Pan)
  3 shining eyes
  An ugly thing (Pan)
  3 orange demons (Pan)
  An eye of devastation (Slime:4)
  2 slime creatures
  A chaos spawn (Pan)
  4 neqoxecs (Pan)
  A floating eye (Vaults:3)
24 creatures vanquished.

Vanquished Creatures (others)
  A quicksilver dragon (Zot:5)
  3 eldritch tentacles
  A deep elf sorcerer (Elf:3)
  A balrug (Pan)
  2 elemental wellsprings
  A very ugly thing (Vaults:3)
  2 yaktaur captains
  A great orb of eyes (Depths:5)
  A rakshasa (Pan)
  A death knight (Vaults:1)
  19 dancing weapons
  A two-headed ogre (Vaults:4)
  A hell hog (Pan)
  A deep elf knight (Vaults:1)
  A skeletal warrior (Vaults:1)
  A torturous demonspawn (Pan)
  A flayed ghost (Vaults:1)
  A moth of wrath (Zot:5)
  A smoke demon (Geh:7)
  A rust devil (Dis:7)
  2 spectral swamp worms (Tar:7)
  5 yaktaurs
  A hellwing (Pan)
  4 polar bears (IceCv)
  A dream sheep (Shoals:2)
  2 water elementals
  A fire bat (Abyss:5)
  A fire elemental (Hell)
  3 yaks (IceCv)
  A chaos spawn (Pan)
  4 wolves (IceCv)
  A swamp dragon skeleton (Geh:6)
  A bullfrog zombie (D:11)
  An orc priest (Orc:2)
  An iron imp (Dis:7)
  A hell rat (Hell)
  4 ball lightnings (Pan)
  An orc (Orc:2)
  2 blocks of ice (Pan)
  89 fire vortices
  24 fungi
  47 plants
  4 starspawn tentacles (Abyss:5)
  30 tentacles
  A withered plant (Crypt:3)
274 creatures vanquished.

Grand Total: 5203 creatures vanquished

Notes
Turn   | Place    | Note
-------+----------+-------------------------------------------
     0 | D:1      | inmateoo the Octopode Earth Elementalist began the quest
                  | for the Orb.
     0 | D:1      | Reached XP level 1. HP: 11/11 MP: 3/3
     0 | D:1      | Upgraded the game from 0.24.0-1-gfbc8707122 to
                  | 0.24.0-2-g5b39cebb1c
   221 | D:1      | Reached XP level 2. HP: 15/18 MP: 1/5
   509 | D:2      | Learned a level 2 spell: Passwall
   512 | D:2      | Noticed Robin
   749 | D:1      | Reached XP level 3. HP: 21/22 MP: 6/6
   797 | D:1      | Reached skill level 1 in Fighting
  1447 | D:1      | Learned a level 3 spell: Stone Arrow
  1473 | D:2      | Found a stormy altar of Qazlal.
  1726 | D:2      | Reached XP level 4. HP: 25/28 MP: 7/7
  1892 | D:2      | Killed Robin
  1989 | D:2      | Found a glowing silver altar of Zin.
  2751 | D:3      | Reached XP level 5. HP: 34/34 MP: 5/9
  3119 | D:3      | Noticed a sky beast
  3546 | D:3      | Killed a sky beast
  3546 | D:3      | Reached skill level 5 in Earth Magic
  3546 | D:3      | Reached XP level 6. HP: 41/41 MP: 3/10
  3553 | D:3      | Learned a level 5 spell: Lee's Rapid Deconstruction
  3793 | D:4      | Noticed a phantom
  3825 | D:4      | Found a burning altar of Makhleb.
  3969 | D:4      | Found a glowing drain.
  3974 | Sewer    | Entered a sewer
  4040 | Sewer    | Reached XP level 7. HP: 46/46 MP: 9/11
  4726 | D:4      | Found a hazy altar of Hepliaklqana.
  4980 | D:5      | Entered Level 5 of the Dungeon
  4995 | D:5      | Reached XP level 8. HP: 54/54 MP: 2/12
  5095 | D:5      | Found Lokedwol's Book Emporium.
  5386 | D:5      | Found a shattered altar of Ashenzari.
  5473 | D:5      | Found Ataigok's Distillery.
  5479 | D:5      | Bought a potion of degeneration for 15 gold pieces
  5482 | D:5      | Bought a potion of heal wounds for 75 gold pieces
  5482 | D:5      | Bought a potion of brilliance for 60 gold pieces
  5482 | D:5      | Bought a potion of agility for 60 gold pieces
  5697 | D:6      | Reached skill level 1 in Evocations
  5698 | D:6      | Reached skill level 1 in Shields
  5747 | D:6      | Noticed Duvessa
  5749 | D:6      | Noticed Dowan
  5991 | D:6      | Noticed Duvessa
  5991 | D:6      | Duvessa changed into Duvessa the steam dragon
  5994 | D:6      | Killed Duvessa the steam dragon
  6004 | D:6      | Killed Dowan
  6214 | D:6      | Reached skill level 5 in Stealth
  6400 | D:6      | Reached XP level 9. HP: 59/59 MP: 1/14
  6598 | D:7      | Found a staircase to the Ecumenical Temple.
  6604 | D:7      | Found Pidaf's Antique Armour Shop.
  6707 | Temple   | Entered the Ecumenical Temple
  6724 | Temple   | Became a worshipper of Gozag Ym Sagoz the Greedy
  7067 | D:7      | Found a runed translucent door.
  7068 | D:7      | Noticed Crazy Yiuf
  7075 | D:7      | Killed Crazy Yiuf
  7275 | D:8      | Noticed a two-headed ogre
  7329 | D:8      | Killed a two-headed ogre
  7329 | D:8      | Reached skill level 5 in Fighting
  7965 | D:8      | Found a sacrificial altar of Ru.
  7992 | D:8      | Reached XP level 10. HP: 66/66 MP: 13/16
  8296 | D:8      | Found a staircase to the Lair.
  8603 | D:8      | Reached skill level 5 in Shields
  8756 | D:9      | Found a bloodstained altar of Trog.
  8795 | D:9      | Learned a level 4 spell: Petrify
  8929 | D:9      | Identified 2 scrolls of acquirement
  8932 | D:9      | Got a wavering pewter amulet
  8934 | D:9      | Identified the amulet "Ewax" {rElec Regen+ Str+4} (You
                  | acquired it on level 9 of the Dungeon)
  8987 | D:9      | Reached skill level 10 in Earth Magic
  9261 | D:10     | Entered Level 10 of the Dungeon
  9291 | D:10     | Reached skill level 5 in Spellcasting
  9668 | D:10     | Noticed Gastronok
 10081 | D:11     | Reached skill level 5 in Evocations
 10113 | D:11     | Reached skill level 5 in Dodging
 10297 | D:11     | Found Qoraf's Book Shop.
 10304 | D:11     | Bought a book of Transfigurations for 935 gold pieces
 10370 | D:11     | Reached XP level 11. HP: 72/72 MP: 17/19
 10380 | D:11     | Noticed a five-headed hydra
 10384 | D:11     | Killed a five-headed hydra
 10384 | D:11     | Noticed an ogre mage
 10633 | D:12     | Found a staircase to the Orcish Mines.
 10633 | D:12     | Noticed an orc sorcerer
 10754 | D:11     | Killed an ogre mage
 10794 | D:12     | Noticed a red ugly thing
 10813 | D:12     | Noticed a white ugly thing
 10850 | D:12     | Noticed Psyche
 10859 | D:12     | Killed Psyche
 11129 | D:12     | Found a frozen archway.
 11159 | IceCv    | Entered an ice cave
 11324 | IceCv    | Learned a level 6 spell: Statue Form
 12400 | IceCv    | Reached XP level 12. HP: 31/81 MP: 10/21
 12815 | IceCv    | Noticed a death yak
 12815 | IceCv    | Noticed a death yak
 12815 | IceCv    | Noticed a frost giant
 12879 | IceCv    | Reached skill level 5 in Transmutations
 13186 | IceCv    | Identified Dozxoef's Handbook of Spatial Feathers
 13189 | IceCv    | Got a glittering steel ring
 13205 | IceCv    | Identified the ring "Ankuup" {Ice Str+2} (You found it in
                  | an ice cave)
 13226 | IceCv    | Killed a frost giant
 13285 | IceCv    | Learned a level 1 spell: Apportation
 13839 | D:10     | Got a transparent brass amulet
 13953 | Lair:1   | Entered Level 1 of the Lair of Beasts
 14321 | Lair:1   | Found the +8 storm bow {elec, penet}
 14340 | Lair:1   | Reached skill level 1 in Unarmed Combat
 14941 | Lair:2   | Identified the amulet of Soseg {rF+ Regen+} (You acquired
                  | it on level 10 of the Dungeon)
 15290 | Lair:2   | Noticed a six-headed hydra
 15372 | Lair:2   | Killed a six-headed hydra
 15942 | Lair:3   | Reached skill level 5 in Unarmed Combat
 15942 | Lair:3   | Reached XP level 13. HP: 65/88 MP: 10/23
 16241 | Lair:3   | Found a runed translucent door.
 16242 | Lair:3   | Noticed Nefuv's ghost (journeyman MiBe)
 16470 | Lair:3   | Found a staircase to the Shoals.
 17341 | Lair:4   | Found a hole to the Spider Nest.
 17764 | Lair:5   | Noticed Josephine
 18091 | Lair:5   | Found a runed translucent gate.
 18091 | Lair:5   | Found a runed translucent gate.
 18091 | Lair:5   | Found a runed translucent gate.
 18100 | Lair:5   | Noticed Serogusm's ghost (journeyman CeAM)
 18124 | Lair:5   | Noticed a minotaur
 18240 | Lair:5   | Reached XP level 14. HP: 77/95 MP: 22/25
 18330 | Lair:5   | Killed Josephine
 18461 | Lair:5   | Found a staircase to the Slime Pits.
 18848 | Lair:6   | Entered Level 6 of the Lair of Beasts
 19674 | Lair:6   | Found the +2 ratskin cloak {+Rats rPois rN+ Str-1 Int-1
                  | Dex+1}
 19914 | Lair:6   | Reached skill level 10 in Unarmed Combat
 20018 | Lair:6   | Reached XP level 15. HP: 102/102 MP: 28/28
 20083 | Lair:6   | Reached skill level 10 in Spellcasting
 20537 | D:5      | Bought a potion of magic for 120 gold pieces
 20537 | D:5      | Bought a potion of curing for 45 gold pieces
 20537 | D:5      | Bought a potion of mutation for 120 gold pieces
 20537 | D:5      | Bought a potion of curing for 45 gold pieces
 20537 | D:5      | Bought a potion of invisibility for 120 gold pieces
 20537 | D:5      | Bought a potion of curing for 45 gold pieces
 20537 | D:5      | Bought a potion of magic for 120 gold pieces
 20537 | D:5      | Bought a potion of invisibility for 120 gold pieces
 20543 | D:5      | Learned a level 5 spell: Borgnjor's Vile Clutch
 20654 | D:12     | Reached skill level 10 in Fighting
 21699 | D:13     | Found a runed translucent door.
 21699 | D:13     | Noticed a frost giant
 21701 | D:13     | Noticed a tengu reaver
 21701 | D:13     | Noticed a tengu reaver
 21701 | D:13     | Noticed a sphinx
 21818 | D:10     | Killed Gastronok
 22064 | Lair:5   | Killed Serogusm's ghost
 22309 | D:12     | Reached skill level 1 in Necromancy
 22316 | Orc:1    | Entered Level 1 of the Orcish Mines
 22329 | Orc:1    | Found the +10 large shield of Ignorance {rN+ Int-4}
 22333 | Orc:1    | Found a runed translucent door.
 22336 | Orc:1    | Found a roughly hewn altar of Beogh.
 22522 | Orc:1    | Noticed an orc warlord
 22537 | Orc:1    | Killed an orc warlord
 22764 | Orc:1    | Found a runed translucent door.
 23131 | Orc:2    | Entered Level 2 of the Orcish Mines
 23204 | Orc:2    | Found a staircase to the Elven Halls.
 23730 | Orc:2    | Found Sugae's Gadget Shoppe.
 23730 | Orc:2    | Found Woxalitt's Distillery.
 23733 | Orc:2    | Found Nuux's Magic Scroll Emporium.
 23737 | Orc:2    | Found Gigif's Food Shoppe.
 23743 | Orc:2    | Bought a ration for 50 gold pieces
 23743 | Orc:2    | Bought a ration for 50 gold pieces
 23743 | Orc:2    | Bought a ration for 50 gold pieces
 23743 | Orc:2    | Bought a ration for 50 gold pieces
 23743 | Orc:2    | Bought a ration for 50 gold pieces
 23743 | Orc:2    | Bought a ration for 50 gold pieces
 23743 | Orc:2    | Bought a ration for 50 gold pieces
 23743 | Orc:2    | Bought a ration for 50 gold pieces
 23743 | Orc:2    | Bought a ration for 50 gold pieces
 23745 | Orc:2    | Bought a potion of brilliance for 60 gold pieces
 23745 | Orc:2    | Bought a potion of might for 60 gold pieces
 23745 | Orc:2    | Bought a potion of mutation for 120 gold pieces
 23745 | Orc:2    | Bought a potion of heal wounds for 75 gold pieces
 23745 | Orc:2    | Bought a potion of haste for 150 gold pieces
 23745 | Orc:2    | Bought a potion of curing for 45 gold pieces
 23745 | Orc:2    | Bought a potion of curing for 45 gold pieces
 23745 | Orc:2    | Bought a potion of magic for 120 gold pieces
 23746 | Orc:2    | Bought a scroll of identify for 30 gold pieces
 23746 | Orc:2    | Bought a scroll of teleportation for 45 gold pieces
 23746 | Orc:2    | Bought a scroll of identify for 30 gold pieces
 23746 | Orc:2    | Bought a scroll of immolation for 52 gold pieces
 23746 | Orc:2    | Bought a scroll of immolation for 52 gold pieces
 24058 | D:14     | Found a gate leading to a gauntlet.
 24067 | Gauntlet | Entered a Gauntlet
 24067 | Gauntlet | Found a transporter.
 24067 | Gauntlet | Found a transporter.
 24075 | Gauntlet | Found a transporter.
 24080 | Gauntlet | Found a transporter.
 24089 | Gauntlet | Found a transporter.
 24093 | Gauntlet | Found a transporter.
 24103 | Gauntlet | Found a transporter.
 24120 | Gauntlet | Found a transporter.
 24134 | Gauntlet | Found a transporter.
 24138 | Gauntlet | Found a transporter.
 24146 | Gauntlet | Found a transporter.
 24150 | Gauntlet | Found a transporter.
 24401 | Gauntlet | Reached XP level 16. HP: 109/109 MP: 30/30
 24452 | Gauntlet | Got a bound golden ring
 24456 | Gauntlet | Identified the ring of Butchery {+Blink Str+4 Slay+5} (You
                  | found it in a Gauntlet)
 24748 | D:14     | Found a gate to the Vaults.
 24823 | D:14     | Got a transparent platinum ring
 24825 | D:14     | Identified the ring "Damnable Contraption" {rElec rF+ Int+5
                  | Stlth+} (You found it on level 14 of the Dungeon)
 25426 | D:15     | Entered Level 15 of the Dungeon
 26237 | D:15     | Found a staircase to the Depths.
 26603 | Spider:1 | Entered Level 1 of the Spider Nest
 27177 | Spider:2 | Noticed Agnes
 27183 | Spider:2 | Killed Agnes
 27434 | Spider:2 | Noticed Arachne
 27452 | Spider:2 | Killed Arachne
 27452 | Spider:2 | Reached XP level 17. HP: 117/117 MP: 32/32
 27516 | Spider:2 | Reached skill level 15 in Earth Magic
 28514 | Spider:4 | Entered Level 4 of the Spider Nest
 28569 | Spider:4 | Noticed Aizul
 28582 | Spider:4 | Killed Aizul
 29464 | Spider:4 | Found the cursed +14 obsidian axe {chop, +Fly SInv *Curse}
 29796 | Spider:4 | Reached XP level 18. HP: 124/124 MP: 32/34
 29852 | Spider:4 | Got a gossamer rune of Zot
 30373 | D:11     | Found Zaxkuomany's Assorted Antiques.
 30392 | D:11     | Bought a potion of agility for 104 gold pieces
 30392 | D:11     | Bought a scroll of teleportation for 78 gold pieces
 30392 | D:11     | Bought a scroll of identify for 52 gold pieces
 30392 | D:11     | Bought a potion of heal wounds for 130 gold pieces
 30515 | D:11     | Found Eddieh's Armour Shoppe.
 30722 | Elf:1    | Entered Level 1 of the Elven Halls
 30963 | Elf:1    | Reached skill level 10 in Transmutations
 31183 | Elf:1    | Reached skill level 10 in Dodging
 32130 | Elf:2    | Found a large runed translucent door.
 32130 | Elf:2    | Found a large runed translucent door.
 32192 | Elf:2    | Found Hitiqo's Jewellery Emporium.
 32192 | Elf:2    | Found Ceseoru's Gadget Shop.
 32193 | Elf:2    | Found Sighonla's Jewellery Emporium.
 32201 | Elf:2    | Bought a cursed amulet of inaccuracy for 28 gold pieces
 32210 | Elf:2    | Bought a +4 ring of intelligence for 378 gold pieces
 32518 | Elf:2    | Found a large runed translucent door.
 32518 | Elf:2    | Found a large runed translucent door.
 32596 | Elf:3    | Entered Level 3 of the Elven Halls
 32659 | Elf:3    | Reached XP level 19. HP: 130/131 MP: 36/36
 32793 | Elf:3    | Reached skill level 15 in Unarmed Combat
 33103 | Elf:3    | Identified the ring "Vaqant" {rElec rN+ rCorr Int+3 Dex-3}
                  | (You acquired it on level 3 of the Elven Halls)
 33658 | Elf:3    | Identified the +4 ring mail of Eternal Vigilance {Dex+4}
 33744 | Elf:3    | Identified the +11 great sword of Valiance {flame, Str-3
                  | Dex+4}
 33744 | Elf:3    | Identified the +2 dagger of the Dove {freeze, rElec rPois
                  | rC- Stlth+}
 33873 | Elf:3    | Identified the ring "Icug" {rElec MP+9 Str+6}
 33874 | Elf:3    | Identified the ring "Esuem" {Ice rElec Str-3 Int+6}
 33877 | Elf:3    | Noticed a Brimstone Fiend
 34072 | Elf:3    | Found the +0 pair of fencer's gloves {Riposte Dex+3}
 34480 | D:5      | Bought a manual of Fire Magic for 1214 gold pieces
 34480 | D:5      | Bought a book of Annihilations for 1214 gold pieces
 34490 | D:5      | Learned a level 7 spell: Ring of Flames
 34659 | Lair:3   | Killed Nefuv's ghost
 34708 | Lair:3   | Learned a level 2 spell: Swiftness
 34879 | Shoals:1 | Entered Level 1 of the Shoals
 35004 | Shoals:1 | Reached XP level 20. HP: 137/137 MP: 25/38
 35713 | Shoals:2 | Reached skill level 15 in Spellcasting
 36975 | Shoals:3 | Noticed Ilsuiw
 36976 | Shoals:3 | Noticed Polyphemus
 36993 | Shoals:3 | Killed Polyphemus
 37002 | Shoals:3 | Killed Ilsuiw
 37016 | Shoals:3 | Reached skill level 1 in Fire Magic
 37236 | Shoals:3 | Got a vibrating steel ring
 37433 | Shoals:4 | Entered Level 4 of the Shoals
 37456 | Shoals:4 | Reached skill level 1 in Conjurations
 37608 | Shoals:4 | Got a barnacled rune of Zot
 37917 | Shoals:4 | Got a scintillating bronze ring
 37918 | Shoals:4 | Identified the ring "Nijauclo" {+Fly rF+ rC+} (You found it
                  | on level 3 of the Shoals)
 37940 | Shoals:4 | Identified the ring of Muusyac {rN+ AC+1 Slay+2} (You
                  | acquired it on level 4 of the Shoals)
 37982 | Shoals:4 | Reached skill level 5 in Fire Magic
 38810 | Shoals:4 | Identified the Tome of Gliding Arcane Weapons
 39105 | D:5      | Bought a book of Necromancy for 330 gold pieces
 39109 | D:5      | Learned a level 3 spell: Regeneration
 39169 | Lair:1   | Bought a ration for 60 gold pieces
 39169 | Lair:1   | Bought a ration for 60 gold pieces
 39169 | Lair:1   | Bought a ration for 60 gold pieces
 39169 | Lair:1   | Bought a ration for 60 gold pieces
 39169 | Lair:1   | Bought a ration for 60 gold pieces
 39169 | Lair:1   | Bought a ration for 60 gold pieces
 39169 | Lair:1   | Bought a ration for 60 gold pieces
 39169 | Lair:1   | Bought a ration for 60 gold pieces
 39169 | Lair:1   | Bought a ration for 60 gold pieces
 39169 | Lair:1   | Bought a ration for 60 gold pieces
 39169 | Lair:1   | Bought a ration for 60 gold pieces
 39171 | Lair:1   | Bought a shiny buckler for 307 gold pieces
 39171 | Lair:1   | Bought a scroll of blinking for 307 gold pieces
 39171 | Lair:1   | Bought a scroll of fear for 143 gold pieces
 39171 | Lair:1   | Bought a potion of curing for 123 gold pieces
 39171 | Lair:1   | Bought a scroll of remove curse for 123 gold pieces
 39380 | D:15     | Bought a scroll of blinking for 247 gold pieces
 39380 | D:15     | Bought a potion of might for 132 gold pieces
 39382 | D:15     | Bought a potion of haste for 180 gold pieces
 39382 | D:15     | Bought a potion of agility for 72 gold pieces
 39382 | D:15     | Bought a potion of flight for 54 gold pieces
 39382 | D:15     | Bought a potion of brilliance for 72 gold pieces
 39382 | D:15     | Bought a potion of flight for 54 gold pieces
 39382 | D:15     | Bought a potion of might for 72 gold pieces
 39382 | D:15     | Bought a potion of agility for 72 gold pieces
 39382 | D:15     | Bought a potion of resistance for 180 gold pieces
 39450 | Vaults:1 | Entered Level 1 of the Vaults
 39558 | Vaults:1 | Noticed Nikola
 39561 | Vaults:1 | Reached XP level 21. HP: 134/143 MP: 33/41
 39568 | Vaults:1 | Killed Nikola
 40169 | Vaults:1 | Reached skill level 10 in Evocations
 41282 | Vaults:2 | Reached skill level 10 in Fire Magic
 41432 | Vaults:2 | Noticed Jory
 41443 | Vaults:2 | Killed Jory
 41443 | Vaults:2 | Reached skill level 5 in Conjurations
 42243 | Vaults:3 | Reached XP level 22. HP: 151/151 MP: 39/42
 42354 | Vaults:3 | Found a staircase to the Crypt.
 42468 | Vaults:3 | Found the +7 mace of Variability {chain chaos}
 42925 | Vaults:3 | Paralysed by a floating eye for 3 turns
 43409 | Vaults:3 | Reached skill level 1 in Charms
 43676 | Vaults:3 | Reached XP level 23. HP: 158/158 MP: 43/43
 43884 | Vaults:4 | Got a scorched iron amulet
 43895 | Vaults:4 | Identified the amulet of Buaf {Reflect SH+2 SInv} (You
                  | found it on level 4 of the Vaults)
 44016 | Vaults:4 | Found a runed translucent door.
 44016 | Vaults:4 | Noticed MackTheFife's ghost (veteran HOGl)
 45325 | Vaults:4 | Killed MackTheFife's ghost
 45416 | Vaults:4 | Learned a level 4 spell: Passage of Golubria
 45425 | Vaults:4 | Learned a level 8 spell: Ignition
 45435 | Vaults:4 | Learned a level 9 spell: Shatter
 45522 | Crypt:1  | Entered Level 1 of the Crypt
 46223 | Crypt:2  | Noticed Mara
 46228 | Crypt:2  | Noticed inmateoo's illusion
 46231 | Crypt:2  | Noticed inmateoo's illusion
 46247 | Crypt:2  | Killed Mara
 46247 | Crypt:2  | Reached skill level 5 in Necromancy
 46912 | Crypt:2  | Noticed Donald
 46923 | Crypt:2  | Killed Donald
 46923 | Crypt:2  | Reached XP level 24. HP: 166/166 MP: 44/44
 47178 | Crypt:3  | Entered Level 3 of the Crypt
 47235 | Crypt:3  | Identified the Reference Book on Creative Earth
 47773 | Crypt:3  | Identified the ring of the Rose {+Inv rElec rN+ Stlth-}
 47803 | Crypt:3  | Got a clouded amber ring
 47804 | Crypt:3  | Identified the ring "Ynkom" {rN+ Dex+2} (You found it on
                  | level 3 of the Crypt)
 47906 | Crypt:3  | Found a staircase to the Tomb.
 47908 | Crypt:3  | Found the amulet of Vitality {Regen+ HP+15}
 48104 | Crypt:3  | Reached skill level 5 in Charms
 48351 | Crypt:3  | Found an ancient bone altar of Kikubaaqudgha.
 48353 | Crypt:3  | Noticed an ancient lich
 48362 | Crypt:3  | Killed an ancient lich
 48386 | Crypt:3  | Noticed an ancient lich
 48394 | Crypt:3  | Killed an ancient lich
 48441 | Crypt:3  | Got a wavering lead ring
 48442 | Crypt:3  | Identified the ring "Gammamu" {+Fly rF+ Int+5 Slay+2} (You
                  | found it on level 3 of the Crypt)
 49313 | Lair:1   | Bought a ration for 70 gold pieces
 49313 | Lair:1   | Bought a ration for 70 gold pieces
 49313 | Lair:1   | Bought a ration for 70 gold pieces
 49313 | Lair:1   | Bought a ration for 70 gold pieces
 49313 | Lair:1   | Bought a ration for 70 gold pieces
 49313 | Lair:1   | Bought a ration for 70 gold pieces
 49313 | Lair:1   | Bought a ration for 70 gold pieces
 49313 | Lair:1   | Bought a ration for 70 gold pieces
 49313 | Lair:1   | Bought a ration for 70 gold pieces
 49317 | Lair:1   | Bought a runed shield for 240 gold pieces
 49371 | Temple   | Fell from the grace of Gozag
 49371 | Temple   | Became a worshipper of Makhleb the Destroyer
 49514 | Slime:1  | Entered Level 1 of the Pits of Slime
 49890 | Slime:1  | Reached * piety under Makhleb
 50299 | Slime:1  | Gained mutation: You occasionally shout uncontrollably at
                  | your foes. [a shining eye]
 50300 | Slime:1  | Reached ** piety under Makhleb
 50300 | Slime:1  | Gained mutation: You are dopey. (Int -2) [a shining eye]
 50305 | Slime:1  | Reached skill level 15 in Fire Magic
 50860 | Slime:4  | Reached *** piety under Makhleb
 51082 | Slime:3  | Gained mutation: Your body sometimes deteriorates upon
                  | taking damage. [a shining eye]
 51146 | Slime:3  | Reached XP level 25. HP: 172/172 MP: 38/44
 51533 | Slime:5  | Entered Level 5 of the Pits of Slime
 51535 | Slime:5  | Reached **** piety under Makhleb
 51554 | Slime:5  | Noticed the Royal Jelly
 51797 | Slime:5  | Gained mutation: Your spells are a little easier to cast,
                  | but a little less powerful. [a shining eye]
 51895 | Slime:5  | Gained mutation: You are very dopey. (Int -4) [a shining
                  | eye]
 51904 | Slime:5  | Reached ***** piety under Makhleb
 52324 | Slime:5  | Found a viscous altar of Jiyva.
 52334 | Slime:5  | Killed the Royal Jelly
 52334 | Slime:5  | Reached skill level 10 in Conjurations
 52383 | Slime:5  | Identified Quola's Papyrus of Ashen Evil
 52438 | Slime:5  | Got a flickering glass ring
 52440 | Slime:5  | Identified the Reference Book on the Traveller
 52458 | Slime:5  | Got a slimy rune of Zot
 52469 | Slime:5  | Identified the ring of the Demon Prince {*Tele +Inv} (You
                  | found it on level 5 of the Pits of Slime)
 52488 | Slime:5  | Lost mutation: You are very dopey. (Int -4) [potion of
                  | mutation]
 52488 | Slime:5  | Gained mutation: Your spells are easier to cast, but less
                  | powerful. [potion of mutation]
 52488 | Slime:5  | Gained mutation: You are robust. (+10% HP) [potion of
                  | mutation]
 52490 | Slime:5  | Lost mutation: You are dopey. (Int -2) [potion of mutation]
 52490 | Slime:5  | Lost mutation: You occasionally shout uncontrollably at
                  | your foes. [potion of mutation]
 52490 | Slime:5  | Lost mutation: Your body sometimes deteriorates upon taking
                  | damage. [potion of mutation]
 52490 | Slime:5  | Lost mutation: Your spells are easier to cast, but less
                  | powerful. [potion of mutation]
 52490 | Slime:5  | Gained mutation: You are dopey. (Int -2) [potion of
                  | mutation]
 52490 | Slime:5  | Gained mutation: Scrolls take you a little longer to read.
                  | [potion of mutation]
 52490 | Slime:5  | Gained mutation: You are agile. (Dex +2) [potion of
                  | mutation]
 52492 | Slime:5  | Lost mutation: You are agile. (Dex +2) [potion of mutation]
 52492 | Slime:5  | Lost mutation: You are dopey. (Int -2) [potion of mutation]
 52492 | Slime:5  | Lost mutation: Your spells are a little easier to cast, but
                  | a little less powerful. [potion of mutation]
 52492 | Slime:5  | Gained mutation: You are covered in fur. (AC +1) [potion of
                  | mutation]
 52492 | Slime:5  | Gained mutation: You have a pair of small antennae on your
                  | head. [potion of mutation]
 53087 | Vaults:5 | Entered Level 5 of the Vaults
 53088 | Vaults:5 | Noticed Boris
 53093 | Vaults:5 | Killed Boris
 53097 | Vaults:4 | Reached skill level 15 in Fighting
 53379 | Vaults:5 | Reached XP level 26. HP: 198/198 MP: 17/44
 53855 | Vaults:5 | Reached ****** piety under Makhleb
 53947 | Vaults:5 | Identified the cursed +3 war axe of Grace {pain, *Rage rF+
                  | rN+ Str+5}
 54018 | Vaults:5 | Was forgiven by Gozag
 54039 | Vaults:5 | Identified the Collected Works on Dusty Beguiling
 54324 | Vaults:5 | Identified the +5 hand crossbow of Change {freeze, rC++ MR+
                  | Dex+3}
 54684 | Vaults:5 | Got a silver rune of Zot
 54786 | Vaults:5 | Identified Kexeonilis's Catalogue of Battle Magic
 54861 | Vaults:4 | Learned a level 8 spell: Necromutation
 55194 | Tomb:1   | Entered Level 1 of the Tomb of the Ancients
 55370 | Tomb:1   | Reached skill level 10 in Necromancy
 55613 | Tomb:1   | Noticed a greater mummy
 55613 | Tomb:1   | Noticed a greater mummy
 55620 | Tomb:1   | Killed a greater mummy
 55625 | Tomb:1   | Killed a greater mummy
 55648 | Tomb:1   | Reached XP level 27. HP: 207/207 MP: 26/45
 56441 | Tomb:1   | Noticed a greater mummy
 56441 | Tomb:1   | Noticed a greater mummy
 56448 | Tomb:1   | Killed a greater mummy
 56459 | Tomb:1   | Killed a greater mummy
 56544 | Tomb:1   | Noticed a greater mummy
 56547 | Tomb:1   | Noticed a greater mummy
 56553 | Tomb:1   | Killed a greater mummy
 56557 | Tomb:1   | Killed a greater mummy
 56561 | Tomb:1   | Noticed a greater mummy
 56570 | Tomb:1   | Killed a greater mummy
 56604 | Tomb:1   | Noticed a greater mummy
 56614 | Tomb:1   | Killed a greater mummy
 56633 | Tomb:1   | Noticed a greater mummy
 56638 | Tomb:1   | Noticed a greater mummy
 56642 | Tomb:1   | Killed a greater mummy
 56647 | Tomb:1   | Killed a greater mummy
 56699 | Tomb:1   | Noticed a greater mummy
 56709 | Tomb:1   | Killed a greater mummy
 56826 | Tomb:1   | Noticed a greater mummy
 56836 | Tomb:1   | Killed a greater mummy
 56918 | Tomb:1   | Noticed a greater mummy
 56920 | Tomb:1   | Noticed a greater mummy
 56926 | Tomb:1   | Killed a greater mummy
 56929 | Tomb:1   | Noticed a greater mummy
 56930 | Tomb:1   | Killed a greater mummy
 56931 | Tomb:1   | Noticed a greater mummy
 56936 | Tomb:1   | Noticed a greater mummy
 56938 | Tomb:1   | Killed a greater mummy
 56941 | Tomb:1   | Killed a greater mummy
 56953 | Tomb:1   | Noticed a greater mummy
 56954 | Tomb:1   | Killed a greater mummy
 56965 | Tomb:1   | Killed a greater mummy
 57219 | Tomb:2   | Noticed a greater mummy
 57219 | Tomb:2   | Noticed a greater mummy
 57219 | Tomb:2   | Noticed a greater mummy
 57220 | Tomb:2   | Noticed a greater mummy
 57374 | Tomb:2   | Killed a greater mummy
 57375 | Tomb:2   | Killed a greater mummy
 57375 | Tomb:2   | Killed a greater mummy
 57376 | Tomb:2   | Killed a greater mummy
 58007 | Tomb:2   | Lost mutation: You are robust. (+10% HP) [potion of
                  | mutation]
 58007 | Tomb:2   | Lost mutation: Scrolls take you a little longer to read.
                  | [potion of mutation]
 58007 | Tomb:2   | Lost mutation: You have a pair of small antennae on your
                  | head. [potion of mutation]
 58007 | Tomb:2   | Gained mutation: Your magical capacity is low. (-10% MP)
                  | [potion of mutation]
 58007 | Tomb:2   | Gained mutation: You are resistant to electric shocks.
                  | (rElec) [potion of mutation]
 58007 | Tomb:2   | Gained mutation: Your muscles are strong. (Str +2) [potion
                  | of mutation]
 58007 | Tomb:2   | Gained mutation: You evolve. [potion of mutation]
 58027 | Tomb:3   | Entered Level 3 of the Tomb of the Ancients
 58039 | Tomb:3   | Noticed a greater mummy
 58040 | Tomb:3   | Noticed a greater mummy
 58048 | Tomb:3   | Noticed a greater mummy
 58291 | Tomb:2   | Killed a greater mummy
 58425 | Tomb:3   | Noticed a greater mummy
 58428 | Tomb:3   | Killed a greater mummy
 58428 | Tomb:3   | Killed a greater mummy
 58430 | Tomb:3   | Killed a greater mummy
 58443 | Tomb:3   | Noticed a greater mummy
 58455 | Tomb:3   | Noticed a greater mummy
 58470 | Tomb:2   | Killed a greater mummy
 58649 | Tomb:3   | Noticed a greater mummy
 58649 | Tomb:3   | Noticed Boris
 58654 | Tomb:3   | Killed a greater mummy
 58655 | Tomb:3   | Killed a greater mummy
 58655 | Tomb:3   | Killed Boris
 58662 | Tomb:3   | Noticed a greater mummy
 58676 | Tomb:3   | Killed a greater mummy
 58695 | Tomb:3   | Noticed a greater mummy
 58893 | Tomb:3   | Killed a greater mummy
 59064 | Tomb:3   | Identified the +7 short sword "Ontefats" {pierce, +Rage rF+
                  | Str+2} (You found it on level 3 of the Tomb of the
                  | Ancients)
 59069 | Tomb:3   | Identified the +5 scimitar "Spider's Death Toll" {flame,
                  | +Blink +Rage rElec} (You found it on level 3 of the Tomb of
                  | the Ancients)
 59198 | Tomb:3   | Got a coiled bone ring
 59199 | Tomb:3   | Identified the ring "Neinaz" {Fire Dex+3 Slay-6 Stlth+}
                  | (You found it on level 3 of the Tomb of the Ancients)
 59204 | Tomb:3   | Got a transparent turquoise ring
 59205 | Tomb:3   | Identified the ring "Rargh" {*Tele +Blink rElec Int+4} (You
                  | found it on level 3 of the Tomb of the Ancients)
 59212 | Tomb:3   | Identified the +5 dagger "Duchoasch" {pierce, Dex+4} (You
                  | found it on level 3 of the Tomb of the Ancients)
 59408 | Tomb:3   | Got a golden rune of Zot
 60079 | Orc:2    | Cast into level 5 of the Abyss (a distortion unwield)
 60079 | Abyss:5  | Entered Level 5 of the Abyss
 60088 | Abyss:5  | Lost mutation: Your magical capacity is low. (-10% MP)
                  | [evolution]
 60157 | Orc:2    | Escaped the Abyss
 60228 | Orc:2    | Cast into level 5 of the Abyss (a distortion unwield)
 60228 | Abyss:5  | Entered Level 5 of the Abyss
 60237 | Abyss:5  | Lost mutation: Your muscles are strong. (Str +2) [mutagenic
                  | glow]
 60249 | Abyss:5  | Noticed an ancient lich
 60250 | Abyss:5  | Noticed an ancient lich
 60251 | Abyss:5  | Killed an ancient lich
 60256 | Abyss:5  | Gained mutation: Scrolls take you a little longer to read.
                  | [mutagenic glow]
 60259 | Abyss:5  | Killed an ancient lich
 60259 | Abyss:5  | Reached skill level 15 in Transmutations
 60293 | Abyss:5  | Got an abyssal rune of Zot
 60316 | Orc:2    | Escaped the Abyss
 60324 | Orc:2    | Gained mutation: You are dopey. (Int -2) [mutagenic glow]
 60521 | Depths:1 | Entered Level 1 of the Depths
 60521 | Depths:1 | Found Uniuph's Demolitions Depot.
 60522 | Depths:1 | Lost mutation: You evolve. [potion of mutation]
 60522 | Depths:1 | Lost mutation: Scrolls take you a little longer to read.
                  | [potion of mutation]
 60522 | Depths:1 | Gained mutation: One of your tentacles bears a spike.
                  | [potion of mutation]
 60560 | Depths:1 | Found a gateway to a ziggurat.
 60602 | Depths:1 | Found a gateway to Hell.
 60618 | Depths:1 | Noticed Sojobo
 60620 | Depths:1 | Noticed the Enchantress
 60624 | Depths:1 | Killed the Enchantress
 60624 | Depths:1 | Killed Sojobo
 60683 | Depths:1 | Identified the ring "Pucy" {rC+ MR+ Stlth+} (You acquired
                  | it on level 1 of the Depths)
 60924 | Depths:1 | Noticed Bai Suzhen
 60934 | Depths:1 | Killed Bai Suzhen
 61118 | Depths:1 | Found Ziefum's Serpentskin Sales.
 61585 | Depths:2 | Reached skill level 15 in Necromancy
 61860 | Depths:3 | Noticed Boris
 61868 | Depths:3 | Killed Boris
 61888 | Depths:3 | Found a one-way gate to the infinite horrors of the Abyss.
 61941 | Depths:3 | Identified the cursed +0 spear "Icim" {venom, Str+2}
 62069 | Depths:3 | You fall into a shaft and drop 2 floors!
 62069 | Depths:5 | Entered Level 5 of the Depths
 62422 | Depths:5 | Reached skill level 15 in Conjurations
 62822 | Depths:5 | Found a gate to the Realm of Zot.
 63499 | Depths:4 | You fall into a shaft and drop 1 floor!
 63857 | Depths:4 | Found an iron altar of Okawaru.
 63859 | Depths:4 | Found the +4 robe of Augmentation {Str+4 Int+4 Dex+4}
 64089 | Depths:3 | Found a one-way gate leading to the halls of Pandemonium.
 64261 | Depths:3 | Found a sparkling altar of Nemelex Xobeh.
 64273 | Depths:3 | Noticed Mennas
 64286 | Depths:3 | Killed Mennas
 64407 | Depths:3 | Reached skill level 15 in Evocations
 64742 | Depths:3 | Learned a level 9 spell: Fire Storm
 64743 | Pan      | Entered Pandemonium
 64743 | Pan      | Noticed Wyhial the pandemonium lord
 64747 | Pan      | Killed Wyhial the pandemonium lord
 65044 | Pan      | Found an exit through the horrors of the Abyss.
 65960 | Pan      | Noticed Dyodue the pandemonium lord
 65977 | Pan      | Killed Dyodue the pandemonium lord
 65997 | Pan      | Got a demonic rune of Zot
 66203 | Pan      | Noticed Fen Ynor the pandemonium lord
 66210 | Pan      | Killed Fen Ynor the pandemonium lord
 66975 | Pan      | Reached skill level 15 in Dodging
 67154 | Pan      | Noticed Lacopi the pandemonium lord
 67160 | Pan      | Killed Lacopi the pandemonium lord
 67496 | Pan      | Found a runed translucent door.
 67976 | Pan      | Entered the realm of Gloorx Vloq.
 68342 | Pan      | Noticed Gloorx Vloq
 68351 | Pan      | Killed Gloorx Vloq
 68409 | Pan      | Got a dark rune of Zot
 68813 | Pan      | Noticed Iviqy the pandemonium lord
 68832 | Pan      | Killed Iviqy the pandemonium lord
 69010 | Pan      | Gained mutation: Your spells are a little easier to cast,
                  | but a little less powerful. [a neqoxec]
 69011 | Pan      | Gained mutation: Scrolls take you a little longer to read.
                  | [a neqoxec]
 69146 | Pan      | Gained mutation: Your spells are easier to cast, but less
                  | powerful. [a neqoxec]
 69245 | Pan      | Gained mutation: You are very dopey. (Int -4) [a neqoxec]
 69671 | Pan      | Found a glowing silver altar of Zin.
 69984 | Pan      | Found a white marble altar of Elyvilon.
 70423 | Pan      | Identified the +5 scale mail of Awe {-Tele rF+ Dex+4}
 70436 | Pan      | Noticed a seraph
 70448 | Pan      | Killed a seraph
 70486 | Pan      | Identified the ring "Foczoc" {Int+2 Dex+5} (You acquired it
                  | in Pandemonium)
 70486 | Pan      | Found a glowing golden altar of the Shining One.
 70575 | Pan      | Learned a level 6 spell: Deflect Missiles
 71280 | Pan      | Noticed Puaczuge the pandemonium lord
 71292 | Pan      | Killed Puaczuge the pandemonium lord
 71779 | Pan      | Entered the realm of Cerebov.
 72491 | Pan      | Identified the +6 sword of Cerebov {flame}
 72491 | Pan      | Noticed Cerebov
 72511 | Pan      | Killed Cerebov
 72658 | Pan      | Identified the Papyrus of Combat Magic
 72661 | Pan      | Got a wavering amber ring
 72664 | Pan      | Identified the ring "Dys Dyuk" {-Tele rF+ MR+ MP+9 SInv}
                  | (You found it in Pandemonium)
 72669 | Pan      | Identified the Incunabulum of Twisted Translocation
 72740 | Pan      | Got a fiery rune of Zot
 72799 | Pan      | Entered the realm of Lom Lobon.
 72890 | Pan      | Noticed Lom Lobon
 72908 | Pan      | Killed Lom Lobon
 73044 | Pan      | Got a magical rune of Zot
 73377 | Pan      | Entered the realm of Mnoleg.
 73406 | Pan      | Gained mutation: Your magical capacity is low. (-10% MP) [a
                  | cacodemon]
 73414 | Pan      | Gained mutation: You are clumsy. (Dex -2) [a cacodemon]
 73495 | Pan      | Gained mutation: Your body sometimes deteriorates upon
                  | taking damage. [a cacodemon]
 73504 | Pan      | Gained mutation: You tend to lose your temper in combat. [a
                  | cacodemon]
 73541 | Pan      | Lost mutation: Your magical capacity is low. (-10% MP)
                  | [potion of mutation]
 73541 | Pan      | Lost mutation: One of your tentacles bears a spike. [potion
                  | of mutation]
 73541 | Pan      | Lost mutation: Your body sometimes deteriorates upon taking
                  | damage. [potion of mutation]
 73541 | Pan      | Gained mutation: You often lose your temper in combat.
                  | [potion of mutation]
 73541 | Pan      | Lost mutation: You are clumsy. (Dex -2) [potion of
                  | mutation]
 73541 | Pan      | Lost mutation: You are very dopey. (Int -4) [potion of
                  | mutation]
 73541 | Pan      | Gained mutation: You have a pair of small antennae on your
                  | head. [potion of mutation]
 73542 | Pan      | Lost mutation: You are dopey. (Int -2) [potion of mutation]
 73542 | Pan      | Lost mutation: You are resistant to electric shocks.
                  | (rElec) [potion of mutation]
 73542 | Pan      | Lost mutation: You often lose your temper in combat.
                  | [potion of mutation]
 73542 | Pan      | Lost mutation: You have a pair of small antennae on your
                  | head. [potion of mutation]
 73542 | Pan      | Gained mutation: Your system is resistant to poisons.
                  | (rPois) [potion of mutation]
 73542 | Pan      | Gained mutation: You are partially covered in thin metallic
                  | scales. (AC +2) [potion of mutation]
 73542 | Pan      | Gained mutation: You passively map a small area around you.
                  | [potion of mutation]
 73543 | Pan      | Lost mutation: You tend to lose your temper in combat.
                  | [potion of mutation]
 73543 | Pan      | Lost mutation: You passively map a small area around you.
                  | [potion of mutation]
 73543 | Pan      | Lost mutation: You are partially covered in thin metallic
                  | scales. (AC +2) [potion of mutation]
 73543 | Pan      | Gained mutation: Potions are less effective at restoring
                  | your health. [potion of mutation]
 73543 | Pan      | Gained mutation: You are agile. (Dex +2) [potion of
                  | mutation]
 73578 | Pan      | Found an exit through the horrors of the Abyss.
 73597 | Pan      | Gained mutation: You are frail. (-10% HP) [a neqoxec]
 73599 | Pan      | Gained mutation: You occasionally shout uncontrollably at
                  | your foes. [a neqoxec]
 73645 | Pan      | Noticed Mnoleg
 73664 | Pan      | Gained mutation: Your body sometimes deteriorates upon
                  | taking damage. [a cacodemon]
 73665 | Pan      | Killed Mnoleg
 73668 | Pan      | Lost mutation: Your system is resistant to poisons. (rPois)
                  | [a cacodemon]
 73716 | Pan      | Got a glowing rune of Zot
 73785 | Pan      | Took an exit into the Abyss.
 73785 | Abyss:1  | Escaped into the Abyss
 73803 | Depths:3 | Escaped the Abyss
 73806 | Depths:3 | Lost mutation: Scrolls take you a little longer to read.
                  | [potion of mutation]
 73806 | Depths:3 | Lost mutation: Your body sometimes deteriorates upon taking
                  | damage. [potion of mutation]
 73806 | Depths:3 | Lost mutation: Potions are less effective at restoring your
                  | health. [potion of mutation]
 73806 | Depths:3 | Gained mutation: One of your tentacles bears a spike.
                  | [potion of mutation]
 73806 | Depths:3 | Gained mutation: You evolve. [potion of mutation]
 73807 | Depths:3 | Lost mutation: You are agile. (Dex +2) [potion of mutation]
 73807 | Depths:3 | Lost mutation: One of your tentacles bears a spike. [potion
                  | of mutation]
 73807 | Depths:3 | Gained mutation: You are weak. (Str -2) [potion of
                  | mutation]
 73807 | Depths:3 | Gained mutation: You are partially covered in thin metallic
                  | scales. (AC +2) [potion of mutation]
 73808 | Depths:3 | Lost mutation: You are weak. (Str -2) [potion of mutation]
 73808 | Depths:3 | Lost mutation: You evolve. [potion of mutation]
 73808 | Depths:3 | Lost mutation: Your spells are easier to cast, but less
                  | powerful. [potion of mutation]
 73808 | Depths:3 | Gained mutation: You sometimes yell uncontrollably at your
                  | foes. [potion of mutation]
 73808 | Depths:3 | Gained mutation: You have an increased reservoir of magic.
                  | (+10% MP) [potion of mutation]
 73809 | Depths:3 | Lost mutation: You sometimes yell uncontrollably at your
                  | foes. [potion of mutation]
 73809 | Depths:3 | Lost mutation: Your spells are a little easier to cast, but
                  | a little less powerful. [potion of mutation]
 73809 | Depths:3 | Lost mutation: You are frail. (-10% HP) [potion of
                  | mutation]
 73809 | Depths:3 | Lost mutation: You occasionally shout uncontrollably at
                  | your foes. [potion of mutation]
 73809 | Depths:3 | Gained mutation: You are agile. (Dex +2) [potion of
                  | mutation]
 73840 | Hell     | Entered the Vestibule of Hell
 73840 | Hell     | Noticed Geryon
 73850 | Hell     | Killed Geryon
 73886 | Hell     | Found a gateway to the freezing wastes of Cocytus.
 73945 | Coc:1    | Entered Level 1 of Cocytus
 74131 | Coc:1    | Gained mutation: Your body sometimes deteriorates upon
                  | taking damage. [mutagenic glow]
 74882 | Coc:7    | Entered Level 7 of Cocytus
 75312 | Coc:7    | Noticed Antaeus
 75330 | Coc:7    | Killed Antaeus
 75354 | Coc:7    | Got an icy rune of Zot
 75492 | Hell     | Found a gateway to the Iron City of Dis.
 75504 | Dis:1    | Entered Level 1 of the Iron City of Dis
 75605 | Dis:4    | Gained mutation: Scrolls take you a little longer to read.
                  | [a neqoxec]
 75990 | Dis:7    | Entered Level 7 of the Iron City of Dis
 76093 | Dis:7    | HP: 7/269 [ancient champion/+3 great mace of crushing[an
                  | iron giant] (13)]
 76093 | Dis:7    | HP: 3/269 [ancient champion/+3 great mace of crushing[an
                  | iron giant] (4)]
 76861 | Dis:7    | Identified the +4 staff of Dispater
 76861 | Dis:7    | Noticed Dispater
 76879 | Dis:7    | Killed Dispater
 76896 | Dis:7    | Got an iron rune of Zot
 76898 | Dis:7    | Got a slimy ivory ring
 76901 | Dis:7    | Identified the ring "Sygijyh" {rN+ Str+4 Dex+4} (You found
                  | it on level 7 of the Iron City of Dis)
 77056 | Hell     | Found a gateway to the ashen valley of Gehenna.
 77063 | Geh:1    | Entered Level 1 of Gehenna
 77172 | Geh:1    | You fall into a shaft and drop 1 floor!
 77308 | Geh:3    | You fall into a shaft and drop 3 floors!
 77607 | Geh:6    | Gained mutation: Your body often deteriorates upon taking
                  | damage. [mutagenic glow]
 77650 | Geh:6    | Lost mutation: You have an increased reservoir of magic.
                  | (+10% MP) [mutagenic glow]
 77671 | Geh:7    | Entered Level 7 of Gehenna
 77679 | Geh:7    | Lost mutation: You are agile. (Dex +2) [mutagenic glow]
 77721 | Geh:7    | Gained mutation: You passively map a small area around you.
                  | [mutagenic glow]
 77862 | Geh:7    | Identified the +7 sceptre of Asmodeus
 77862 | Geh:7    | Noticed Asmodeus
 77874 | Geh:7    | Killed Asmodeus
 77885 | Geh:7    | Got an obsidian rune of Zot
 78015 | Hell     | Found a gateway to the decaying netherworld of Tartarus.
 78027 | Tar:1    | Entered Level 1 of Tartarus
 78724 | Tar:3    | You fall into a shaft and drop 1 floor!
 78841 | Tar:7    | Entered Level 7 of Tartarus
 79275 | Tar:7    | Noticed Ereshkigal
 79292 | Tar:7    | Killed Ereshkigal
 79325 | Tar:7    | Found the amulet of the Air {Inacc +Fly rElec EV+5 RMsl}
 79332 | Tar:7    | Got a serpentine steel ring
 79335 | Tar:7    | Identified the ring "Vuopt" {rC+ rN+ AC+4 Dex+2 SInv} (You
                  | found it on level 7 of Tartarus)
 79346 | Tar:7    | Got a bone rune of Zot
 79347 | Tar:7    | Identified the Almanac of Glacial Combat Magic
 79645 | Zot:1    | Entered Level 1 of the Realm of Zot
 79649 | Zot:1    | Reached skill level 1 in Invocations
 79654 | Zot:1    | Reached skill level 2 in Invocations
 79658 | Zot:1    | Reached skill level 3 in Invocations
 79666 | Zot:1    | Reached skill level 4 in Invocations
 79704 | Zot:1    | Reached skill level 5 in Invocations
 79710 | Zot:1    | Reached skill level 6 in Invocations
 79716 | Zot:1    | Reached skill level 7 in Invocations
 79718 | Zot:1    | Reached skill level 8 in Invocations
 79724 | Zot:1    | Reached skill level 9 in Invocations
 79740 | Zot:1    | Reached skill level 10 in Invocations
 79796 | Zot:1    | Reached skill level 11 in Invocations
 80254 | Zot:2    | Reached skill level 12 in Invocations
 80380 | Zot:2    | Reached skill level 13 in Invocations
 80689 | Zot:2    | Reached skill level 14 in Invocations
 80985 | Zot:3    | Reached skill level 15 in Invocations
 81402 | Zot:3    | Reached skill level 16 in Invocations
 81799 | Zot:4    | Reached skill level 17 in Invocations
 81816 | Zot:4    | Noticed an ancient lich
 81827 | Zot:4    | Killed an ancient lich
 82221 | Zot:4    | Noticed an orb of fire
 82229 | Zot:4    | Lost mutation: Scrolls take you a little longer to read.
                  | [an orb of fire]
 82230 | Zot:4    | Gained mutation: You do not regenerate when monsters are
                  | visible. [an orb of fire]
 82231 | Zot:4    | Killed an orb of fire
 82231 | Zot:4    | Reached skill level 18 in Invocations
 82756 | Zot:5    | Entered Level 5 of the Realm of Zot
 82839 | Zot:5    | Reached skill level 19 in Invocations
 83076 | Zot:5    | Noticed an ancient lich
 83078 | Zot:5    | Noticed an orb of fire
 83079 | Zot:5    | Noticed an ancient lich
 83080 | Zot:5    | Noticed an orb of fire
 83082 | Zot:5    | Noticed an orb of fire
 83084 | Zot:5    | Noticed an orb of fire
 83089 | Zot:5    | Killed an orb of fire
 83089 | Zot:5    | Reached skill level 20 in Invocations
 83095 | Zot:5    | Gained mutation: Scrolls take you a little longer to read.
                  | [an orb of fire]
 83096 | Zot:5    | Killed an orb of fire
 83096 | Zot:5    | Noticed an ancient lich
 83097 | Zot:5    | Noticed an orb of fire
 83099 | Zot:5    | Killed an ancient lich
 83102 | Zot:5    | Reached skill level 21 in Invocations
 83102 | Zot:5    | Killed an ancient lich
 83104 | Zot:5    | Gained mutation: You are frail. (-10% HP) [an orb of fire]
 83104 | Zot:5    | Noticed an orb of fire
 83107 | Zot:5    | Noticed an orb of fire
 83110 | Zot:5    | Noticed an ancient lich
 83110 | Zot:5    | Gained mutation: Your magical capacity is low. (-10% MP)
                  | [an orb of fire]
 83111 | Zot:5    | Noticed an orb of fire
 83114 | Zot:5    | Killed an ancient lich
 83116 | Zot:5    | Noticed an orb of fire
 83117 | Zot:5    | Killed an orb of fire
 83119 | Zot:5    | Killed an orb of fire
 83119 | Zot:5    | Reached skill level 22 in Invocations
 83120 | Zot:5    | Gained mutation: Your skin blends seamlessly with your
                  | surroundings (Stealth++). [an orb of fire]
 83122 | Zot:5    | Gained mutation: Your magical capacity is very low. (-20%
                  | MP) [an orb of fire]
 83122 | Zot:5    | Gained mutation: You occasionally shout uncontrollably at
                  | your foes. [an orb of fire]
 83123 | Zot:5    | Killed an ancient lich
 83126 | Zot:5    | Killed an orb of fire
 83128 | Zot:5    | Gained mutation: You are clumsy. (Dex -2) [an orb of fire]
 83489 | Zot:5    | Gained mutation: You tend to lose your temper in combat.
                  | [an orb of fire]
 83491 | Zot:5    | Gained mutation: You are occasionally teleported next to
                  | monsters. [an orb of fire]
 83493 | Zot:5    | Reached skill level 23 in Invocations
 83499 | Zot:5    | Killed an orb of fire
 83627 | Zot:5    | Killed an orb of fire
 83632 | Zot:5    | Killed an orb of fire
 83675 | Zot:5    | Reached skill level 24 in Invocations
 83676 | Zot:5    | Gained mutation: Scrolls take you longer to read. [an orb
                  | of fire]
 83682 | Zot:5    | Killed an orb of fire
 83861 | Zot:5    | Got the Orb of Zot
 84312 | D:15     | Noticed Mosoblo the pandemonium lord
 84322 | D:15     | Killed Mosoblo the pandemonium lord
 84366 | D:14     | Noticed Qapuism the pandemonium lord
 84382 | D:14     | Killed Qapuism the pandemonium lord
 84382 | D:14     | Reached skill level 25 in Invocations
 84421 | D:12     | Noticed Lusochac the pandemonium lord
 84431 | D:12     | Killed Lusochac the pandemonium lord
 84691 | D:1      | Noticed Otzokh the pandemonium lord
 84705 | D:1      | Killed Otzokh the pandemonium lord
 84727 | D:$      | Escaped with the Orb!

Levels and vault maps discovered:
D:1:      dpeg_arrival_solitude, layout_basic
D:2:      layout_basic, zin_academy, overflow_temple_1_default,
          minmay_misc_feat_tiny, serial_bayou_lagoon_a, uniq_robin
D:3:      layout_loops_ring, marbit_many_paths
D:4:      cheibrodos_pilgrimage, layout_loops_ring, kennysheep_mini_moat,
          gup_sewer_entry_spiral, first_ration, minmay_curled_crystal,
          bloody_makhleb
D:5:      layout_basic, old_standard_altar, serial_shops,
          nicolae_shop_behind_doors, kennysheep_little_box
D:6:      layout_rooms, minmay_ogre_servants, uniq_duvessa
D:7:      layout_rooms, minmay_temple_entry_statues_pillars, serial_shops, shop,
          uniq_crazy_yiuf_cottage
D:8:      layout_basic, nicolae_ru_sacrificial_ziggurat,
          erik_lair_orcish_takeover, grunt_pizzeria
D:9:      layout_roguey, bloody_trog
D:10:     layout_long_grid, uniq_gastronok
D:11:     minmay_the_grid_plus [minmay_the_grid_minigrid_medium,
          minmay_the_grid_empty, minmay_the_grid_spin_star,
          minmay_the_grid_paths, minmay_the_grid_prize_four_corners],
          layout_cave_pods, serial_shops, nicolae_shop_window_shopping, shop,
          shop
D:12:     wad_pebble_path, layout_small_grid, zombieorc2_lemuel,
          portal_ice_cave_entry_imps, kennysheep_donut, uniq_psyche
D:13:     minmay_gate_of_8, layout_gridville, serial_glass, glass_columns_b,
          glass_columns_b
D:14:     layout_long_grid, david_vaults_5, gauntlet_entry_generic, minivault_24
D:15:     grunt_enter_depths_magical_seal, layout_long_grid, serial_bayou_pond_e
Temple:   compressed_dpeg_circular_temple
Lair:1:   layout_long_grid, chequers_serial_rivers_micro_d,
          chequers_serial_rivers_room_b, grunt_megastairs_1
Lair:2:   layout_loops_ring, chequers_serial_rivers_room_b
Lair:3:   layout_hall_layers, elwin_shoals_entry_stream, gammafunk_ghost_grave
Lair:4:   minmay_lair_venomous_thicket, layout_regular_city,
          spider_nest_entry_rubble
Lair:5:   layout_cave_pods, slime_dummy, maelrawn_ghost_gauntlet_escape,
          columned_hall_lemuel, uniq_josephine
Lair:6:   hangedman_lair_caniforms_friends, layout_loops_ring,
          hangedman_lair_in_review, grunt_megastairs_3
Shoals:1: layout_shoals
Shoals:2: layout_shoals, nicolae_shoals_so_close
Shoals:3: layout_shoals, centaur_isle, uniq_polyphemus, uniq_ilsuiw
Shoals:4: shoals_end_hangedman, layout_shoals
Spider:1: layout_spider_delve
Spider:2: layout_spider_delve, uniq_agnes, uniq_arachne
Spider:3: layout_spider_delve
Spider:4: floodkiller_spider_rune_tomb, uniq_aizul
Slime:1:  layout_caves
Slime:2:  layout_caves
Slime:3:  layout_caves
Slime:4:  layout_caves
Slime:5
Orc:1:    layout_caves, basic_altar, chequers_guarded_unrand_ignorance
Orc:2:    st_orc_mages, layout_diamond_mine
Elf:1:    minmay_elf_arrival_circle, layout_gridlike, serial_sigils,
          serial_sigils_hangedman_carve, serial_sigils_hangedman_shear,
          serial_sigils_hangedman_gut, serial_sigils_hangedman_writhe,
          serial_sigils_hangedman_gut, minivault_28, moated_statue, drop_trap,
          sword_in_stone
Elf:2:    layout_loops_cross, minmay_shop_grove
Elf:3:    minmay_elf_hall_x, layout_gridlike
Vaults:1: v_rooms_5, hangedman_vaults_capsules, vaults_room_pool, v_misc_24,
          nicolae_vaults_circle_grid_a, ontoclasm_vaults_decontamination,
          vaults_dpeg_encased_lava, ontoclasm_vaults_loading_screen,
          layout_vaults_omnigrid, uniq_nikola
Vaults:2: hangedman_vaults_locks, ontoclasm_vaults_eye,
          nicolae_vaults_border_crossing, ontoclasm_vaults_chip,
          v_alt_pattern_3, ontoclasm_vaults_hangar, nicolae_vaults_what_the_h,
          nicolae_vaults_fighting_squares, vaults_mumra_hex,
          ontoclasm_vaults_bender, vaults_room_octagon, layout_vaults_omnibox,
          uniq_jory
Vaults:3: nicolae_vaults_three_branches, minmay_crypt_entry_vampire_xt,
          nicolae_vaults_network_s, vaults_room_boxed, st_greater_box_5,
          vaults_room_stairs_pillars, nicolae_vaults_ring_of_whatevers,
          v_misc_9, v_misc_31, vaults_room_corners, v_misc_16,
          ontoclasm_vaults_idyll, layout_vaults_maze_bifur
Vaults:4: gammafunk_vaults_ghost_grave, grunt_vaults_hallway_short,
          vaults_dpeg_diagonal, vaults_room_grid, hangedman_vaults_river_flow,
          nicolae_vaults_theta, vaults_room_corners,
          nicolae_vaults_windows_and_doors_thing, vaults_room_glass_cross,
          v_misc_14, layout_vaults_chaotic_city
Vaults:5: uniq_boris
Crypt:1:  layout_gridlike, hex_intersection, grunt_crypt_arrival_webbed,
          grunt_megastairs_2
Crypt:2:  layout_misc_corridors, uniq_donald, uniq_mara
Crypt:3:  quadcrypt_mu
Tomb:1
Tomb:2
Tomb:3
Depths:1: layout_twisted_cross, enter_ziggurat_b, minmay_misc_feat_more_columns,
          hell_entry, nicolae_blasting_shop, guppyfry_shop_venom,
          uniq_enchantress, uniq_sojobo, uniq_bai_suzhen
Depths:2: minmay_angry_zag, layout_cave_pools, pf_hell_entry_tar_spiral,
          kennysheep_another_room
Depths:3: minmay_broken_ring, layout_gridlike, pan_entry, basic_altar,
          pf_coc_iceberg, hangedman_abyss_entry_splay,
          hangedman_abyss_or_decor_slice, uniq_mennas
Depths:4: evilmike_iron_armoury, layout_small_grid, abyss_entry,
          infiniplex_staircase_pool_2, grunt_hell_entry_dis_mu,
          grunt_megastairs_4
Depths:5: grunt_zot_entry_gee_three, layout_long_grid, minmay_misc_feat_iff,
          hell_entry, st_stairs_6
Hell
Dis:1:    layout_gridville, nrook_loot_triangle
Dis:2:    layout_subdivisions
Dis:3:    layout_chaotic_city
Dis:4:    layout_subdivisions
Dis:5:    layout_subdivisions
Dis:6:    layout_jigsaw
Dis:7:    iron_city_of_dis [dis_old, dis_wall_7], layout_chaotic_city
Geh:1:    layout_gehenna_pools_basic, gehenna_fire_generator
Geh:2:    layout_gehenna_pools_box
Geh:3:    layout_gehenna_pools_box
Geh:6:    layout_gehenna_lava_caves
Geh:7:    geh_hangedman
Coc:1:    layout_ice_bergs
Coc:2:    layout_cocytus_water_paths
Coc:3:    layout_cocytus_water_paths
Coc:4:    layout_ice_bergs
Coc:5:    layout_ice_bergs
Coc:6:    layout_ice_bergs
Coc:7:    coc_mu
Tar:1:    layout_honeycomb
Tar:2:    layout_grid_maze
Tar:3:    layout_grid_maze, nicolae_tar_fractal_crypt
Tar:4:    layout_grid_maze, door_vault
Tar:5:    layout_grid_maze, lemuel_elevator
Tar:6:    layout_honeycomb, nicolae_tar_cuneiform_not, door_vault
Tar:7:    tar_minmay_river
Zot:1:    lemuel_acid_trip, layout_onion_interference
Zot:2:    layout_gridlike
Zot:3:    layout_cathedral_of_symmetry
Zot:4:    layout_gridlike, hangedman_player_shredder
Zot:5:    layout_misc_corridors, bh_zot_ikea_curve

Skill      XL: |  1  2  3  4  5  6  7  8  9 10 11 12 13 14 15 16 17 18 19 20 21 22 23 24 25 26 27 |
---------------+----------------------------------------------------------------------------------+-----
Stealth        | 3 4 5 6 |  6.1
Fighting       | 1 2 3 4 5 6 7 8 9 10 11 12 13 14 15 22 | 22.9
Earth Magic    | 4 5 7 8 9 10 12 13 14 15 16 17 18 21 | 21.0
Spellcasting   | 3 4 5 6 7 9 10 11 12 13 14 16 17 18 24 | 24.0
Evocations     | 1 3 5 6 7 8 9 10 11 12 24 | 24.0
Shields        | 2 4 5 6 7 |  7.0
Dodging        | 3 5 6 8 9 10 11 12 13 14 16 | 16.6
Transmutations | 4 8 9 10 11 15 | 15.0
Unarmed Combat | 5 8 10 12 13 14 15 16 17 18 20 | 20.0
Necromancy     | 2 3 5 7 8 10 15 | 15.0
Fire Magic     | 6 11 13 14 15 16 17 24 | 24.0
Conjurations   | 3 5 7 8 9 10 22 | 22.0
Charms         | 1 4 6 7 8 |  8.0
Invocations    | 25 | 25.4

Action                   |  1- 3 |  4- 6 |  7- 9 | 10-12 | 13-15 | 16-18 | 19-21 | 22-24 | 25-27 || total
-------------------------+-------+-------+-------+-------+-------+-------+-------+-------+-------++-------
Melee: Unarmed           |     5 |       |     7 |    47 |   983 |   893 |  1056 |  1145 |  5112 ||  9248
       Club              |    24 |       |       |       |       |       |       |       |       ||    24
       Constrict         |    11 |    33 |    27 |    52 |   123 |   177 |   193 |   148 |   612 ||  1376
       Tentacles         |     9 |    11 |     9 |    76 |   181 |   148 |   164 |   177 |   807 ||  1582
       Dagger            |    15 |   119 |    69 |   286 |       |       |       |       |       ||   489
       Spear             |       |       |    29 |     1 |       |       |       |       |       ||    30
       Punch             |       |       |       |     2 |    61 |    88 |    83 |   140 |   588 ||   962
       Staff             |       |       |       |       |       |       |       |       |    20 ||    20
       Kick              |       |       |       |       |       |       |       |       |   458 ||   458
Throw: Stone             |       |       |     1 |     1 |       |       |       |       |       ||     2
       Javelin           |       |       |       |       |       |       |     2 |       |       ||     2
 Cast: Sandblast         |    26 |    55 |    97 |   142 |     6 |       |     1 |       |       ||   327
       Stone Arrow       |       |     4 |    15 |    92 |    22 |     2 |     2 |       |     1 ||   138
       Lee's Rapid Decon |       |       |    11 |    42 |    31 |    15 |    11 |     1 |       ||   111
       Petrify           |       |       |       |     1 |       |       |       |       |       ||     1
       Statue Form       |       |       |       |     5 |    55 |    64 |    79 |    89 |   373 ||   665
       Borgnjor's Vile C |       |       |       |       |    12 |    41 |    38 |    34 |    39 ||   164
       Regeneration      |       |       |       |       |       |       |    21 |    98 |   206 ||   325
       Passage of Golubr |       |       |       |       |       |       |       |     2 |     1 ||     3
       Ignition          |       |       |       |       |       |       |       |    18 |   348 ||   366
       Fire Storm        |       |       |       |       |       |       |       |       |    50 ||    50
       Shatter           |       |       |       |       |       |       |       |       |    33 ||    33
       Deflect Missiles  |       |       |       |       |       |       |       |       |    13 ||    13
       Ring of Flames    |       |       |       |       |       |       |       |       |    12 ||    12
       Apportation       |       |       |       |       |       |       |       |       |     6 ||     6
       Necromutation     |       |       |       |       |       |       |       |       |     6 ||     6
       Passwall          |       |       |       |       |       |       |       |       |     5 ||     5
Invok: Potion Petition   |       |       |       |     1 |       |       |       |       |       ||     1
       Call Merchant     |       |       |       |       |       |       |     5 |     4 |       ||     9
 Abil: End Transformatio |       |       |       |       |       |       |       |       |     3 ||     3
       Evoke Blink       |       |       |       |       |       |       |       |       |     1 ||     1
Evoke: Wand              |       |       |    11 |    21 |     8 |       |     2 |     1 |     2 ||    45
       Phial of floods   |       |       |       |       |       |       |     1 |     5 |     2 ||     8
       Lamp of fire      |       |       |       |       |       |       |       |     1 |     2 ||     3
       Sack of spiders   |       |       |       |       |       |       |       |     1 |     9 ||    10
       Crystal ball of e |       |       |       |       |       |       |       |       |     5 ||     5
       Phantom mirror    |       |       |       |       |       |       |       |       |     2 ||     2
  Use: Scroll            |       |     6 |     4 |    14 |     8 |     5 |    12 |    12 |    43 ||   104
       Potion            |       |       |     2 |     5 |     1 |       |     1 |     2 |    48 ||    59
 Stab: Sleeping          |     4 |    11 |     7 |    11 |    11 |    31 |    15 |    14 |    34 ||   138
       Paralysed         |       |       |     3 |       |       |       |       |       |       ||     3
       Distracted        |       |       |     1 |     1 |    13 |     8 |    12 |     6 |    14 ||    55
       Invisible         |       |       |       |     3 |       |       |       |       |       ||     3
       Confused          |       |       |       |     2 |       |       |       |       |       ||     2
       Petrified         |       |       |       |       |     1 |       |       |       |       ||     1
       Held in net/web   |       |       |       |       |       |     1 |       |       |       ||     1
  Eat: Chunk             |     3 |     7 |     9 |       |       |       |       |       |     2 ||    21
       Ration            |       |       |     3 |    11 |    18 |    13 |    14 |    14 |    51 ||   124
Armor: Skin              |     2 |    13 |    18 |    80 |   360 |   507 |   593 |   625 |  3690 ||  5888
Dodge: Dodged            |    36 |    97 |    69 |   342 |  1252 |  1209 |  1233 |  1204 |  5557 || 10999
       Deflected         |       |       |       |       |       |       |       |       |   114 ||   114
Block: Buckler           |       |       |    10 |   121 |   307 |   364 |   397 |   530 |  2810 ||  4539
       Reflection        |       |       |       |       |       |       |    23 |    32 |    69 ||   124
